 Dungeon Crawl Stone Soup version 0.26-a0-180-ge96aa7da28 (webtiles) character file.

Game seed: 13777398380169020349

48816486 Flugslaktarn the Cryomancer (level 27, 150/150 HPs)
             Began as a Vine Stalker Ice Elementalist on July 3, 2020.
             Was the Champion of Cheibriados.
             Escaped with the Orb
             ... and 15 runes!
             The game lasted 07:03:44 (29710 turns).

Flugslaktarn the Cryomancer (VSIE)                 Turns: 29710, Time: 07:03:45

Health: 150/150    AC: 37    Str: 31    XL:     27
Magic:  49/49      EV: 27    Int: 41    God:    Cheibriados [******]
Gold:   3526       SH: 27    Dex: 35    Spells: 10/69 levels left

rFire    + + +     SeeInvis .   b - +9 broad axe (vamp)
rCold    + + .     Faith    .   H - +5 kite shield {AC+3}
rNeg     + . .     Spirit   +   x - +16 shadow dragon scales "Hunioc Joit" {-Tele Int+5 Stlth++++}
rPois    +         Reflect  +   G - +2 hat of the Bear Spirit {Spirit, +Rage rN+ MR++}
rElec    +         Harm     .   f - scarf {rC+ rF+}
rCorr    .         NoTele   +   e - +3 pair of gauntlets of War {Slay+5}
MR       +++++                  p - +2 pair of boots
Stlth    +++.......             K - amulet "Ostom" {Reflect rElec rPois rF+ SH+5}
HPRegen  1.15/turn              F - ring of Ceavateb {Wiz Dex+2 Stlth+}
MPRegen  0.31/turn              q - ring of Contention {rF+ Str+8 Int-3}

@: studying Stealth, very slow
A: fangs 3, hooves 1, iridescent scales 1, cold resistance 1, deformed body,
regeneration 2, screaming 1, weak 2, wild magic 1, magic shield, antimagic bite,
no potion heal 3, rot immunity
0: Orb of Zot
}: 15/15 runes: decaying, slimy, silver, golden, iron, obsidian, icy, bone,
abyssal, demonic, glowing, magical, fiery, dark, gossamer
a: Bend Time, Temporal Distortion, Slouch, Step From Time, Renounce Religion,
Evoke Berserk Rage


You escaped.
You worshipped Cheibriados.
Cheibriados was exalted by your worship.
You were not hungry.

You visited 18 branches of the dungeon, and saw 87 of its levels.
You visited Pandemonium 2 times, and saw 22 of its levels.
You visited the Abyss 4 times.
You visited 1 ziggurat, and saw 10 of its levels.
You also visited: Ossuary and Ice Cave.

You collected 5649 gold pieces.
You spent 2123 gold pieces at shops.

Inventory:

Hand Weapons
 a - a +9 sacred scourge of holy wrath
   (You took it off an angel in Pandemonium)
 b - a +9 vampiric broad axe (weapon)
   (You took it off an orc warrior on level 1 of the Orcish Mines)
Missiles
 k - 707 arrows
 R - 10 throwing nets
 W - 17 silver javelins (quivered)
Armour
 e - the +3 pair of gauntlets of War (worn) {Slay+5}
   (You bought it in a shop on level 2 of the Orcish Mines)

   It affects your accuracy and damage with ranged weapons and melee attacks
   (+5).
 f - a scarf of resistance (worn)
   (You acquired it on level 7 of a ziggurat)
 p - a +2 pair of boots (worn)
   (You found it on level 11 of the Dungeon)
 x - the +16 shadow dragon scales "Hunioc Joit" (worn) {-Tele Int+5 Stlth++++}
   (You found it on level 3 of the Tomb of the Ancients)

   It affects your intelligence (+5).
   It prevents most forms of teleportation.
   It makes you much more stealthy.
 E - +7 pearl dragon scales
   (You took it off a seraph in Pandemonium)
 G - the +2 hat of the Bear Spirit (worn) {Spirit, +Rage rN+ MR++}
   (You found it on level 5 of the Vaults)

   It protects you from negative energy.
   It affects your resistance to hostile enchantments.
   It lets you go berserk.
 H - a +5 kite shield of protection (worn)
   (You took it off a vault guard on level 5 of the Vaults)
Jewellery
 h - the amulet "Gorej" {RegenMP rC+ Dex+6}
   (You found it on level 5 of the Pits of Slime)

   [amulet of magic regeneration]

   It increases your magic regeneration.
   It affects your dexterity (+6).
   It protects you from cold.
 j - a +4 ring of slaying
   (You found it on level 4 of the Depths)
 q - the ring of Contention (right hand) {rF+ Str+8 Int-3}
   (You found it on level 5 of the Vaults)

   [ring of protection from fire]

   It affects your strength (+8).
   It affects your intelligence (-3).
   It protects you from fire.
 v - the ring of Zid Tifi {rN+ AC+4 SInv}
   (You acquired it on level 3 of the Tomb of the Ancients)

   [ring of protection]

   It affects your AC (+4).
   It protects you from negative energy.
   It lets you see invisible.
 y - the ring "Tuodyqoa" {rN+ MR+ MP+9 Str+4 Int-3 Dex+4}
   (You found it on level 9 of a ziggurat)

   [ring of magical power]

   It affects your strength (+4).
   It affects your intelligence (-3).
   It affects your dexterity (+4).
   It protects you from negative energy.
   It affects your resistance to hostile enchantments.
   It affects your magic capacity (+9).
 F - the ring of Ceavateb (left hand) {Wiz Dex+2 Stlth+}
   (You found it on level 3 of the Elven Halls)

   [ring of wizardry]

   It improves your spell success rate.
   It affects your dexterity (+2).
   It makes you more stealthy.
 K - the amulet "Ostom" (around neck) {Reflect rElec rPois rF+ SH+5}
   (You found it on level 5 of the Pits of Slime)

   [amulet of reflection]

   It shields you and reflects attacks.
   It protects you from fire.
   It insulates you from electricity.
   It protects you from poison.
   It affects your SH (+5).
 Y - the ring "Kelatara" {rPois rF+ rC+ Dex+2 Stlth-}
   (You found it on level 4 of the Depths)

   [ring of protection from fire]

   It affects your dexterity (+2).
   It protects you from fire.
   It protects you from cold.
   It protects you from poison.
   It makes you less stealthy.
Wands
 m - a wand of paralysis (21)
   (You found it on level 5 of the Vaults)
 C - a wand of clouds (23)
   (You found it on level 1 of the Swamp)
 I - a wand of acid (6)
   (You found it on level 4 of the Swamp)
 M - a wand of enslavement (23)
   (You found it on level 6 of the Lair of Beasts)
 O - a wand of iceblast (22)
   (You found it on level 1 of the Spider Nest)
 U - a wand of digging (4)
   (You found it on level 5 of the Pits of Slime)
Scrolls
 g - 24 scrolls of remove curse
 i - 5 scrolls of identify
 B - a scroll of fog
 L - a scroll of summoning
 P - 3 scrolls of teleportation
 T - 5 scrolls of fear
 V - 3 scrolls of immolation
Potions
 d - 15 potions of curing
 l - 8 potions of lignification
 n - 3 potions of flight
 o - 9 potions of resistance
 s - 4 potions of mutation
 t - 3 potions of invisibility
 u - 11 potions of stabbing
 z - 9 potions of might
 A - 3 potions of cancellation
Books
 r - a manual of Stealth
   (You found it in Pandemonium)
Miscellaneous
 N - a figurine of a ziggurat
 Q - 8 phantom mirrors
 S - a tin of tremorstones (3/3)
   (You found it on level 2 of the Depths)
 Z - 7 boxes of beasts
Comestibles
 c - 45 rations


   Skills:
 - Level 17.2 Fighting
 - Level 16.9(17.1) Axes
 - Level 3.6(12.0) Maces & Flails
 - Level 15.0 Throwing
 - Level 5.0 Armour
 - Level 16.1 Dodging
 - Level 12.0 Stealth
 - Level 14.5 Shields
 + Level 21.8 Spellcasting
 - Level 2.0 Conjurations
 - Level 8.0 Hexes
   Level 4.0 Charms
 - Level 15.4 Summonings
 - Level 10.0 Necromancy
 - Level 12.0 Translocations
 - Level 10.0 Transmutations
 - Level 23.0 Ice Magic
 - Level 8.0 Air Magic
 - Level 8.0 Earth Magic
 - Level 11.0 Invocations
 - Level 10.2 Evocations


You had 10 spell levels left.
You knew the following spells:

 Your Spells              Type           Power        Failure   Level  Hunger
a - Statue Form           Tmut/Erth      ########.    5%          6    None
b - Passwall              Tmut/Erth      ########     1%          2    None
c - Silence               Hex/Air        #######...   1%          5    None
d - Lesser Beckoning      Tloc           ########..   1%          3    None
e - Absolute Zero         Ice            ########..   11%         9    ###....
f - Summon Forest         Summ/Tloc      ########..   1%          5    None
g - Animate Dead          Necr           N/A          1%          4    None
h - Borgnjor's Vile Clut  Necr/Erth      ########..   1%          5    None
i - Aura of Abjuration    Summ           ########..   1%          5    None
j - Malign Gateway        Summ/Tloc      ########..   4%          7    None
k - Irradiate             Conj/Tmut      #######...   3%          5    None
q - Apportation           Tloc           ######       1%          1    None
r - Blink                 Tloc           N/A          1%          2    None

Your spell library contained the following spells:

 Spells                   Type           Power        Failure   Level  Hunger
 Animate Skeleton         Necr           N/A          1%          1    None
 Beastly Appendage        Tmut           ######       1%          1    None
 Corona                   Hex            #######      1%          1    None
 Foxfire                  Conj/Fire      ####         1%          1    None
 Freeze                   Ice            ####         1%          1    None
 Magic Dart               Conj           ####         1%          1    None
 Sandblast                Erth           ######       1%          1    None
 Shock                    Conj/Air       ####         1%          1    None
 Sting                    Tmut/Pois      ####         1%          1    None
 Summon Butterflies       Summ           ########     1%          1    None
 Summon Small Mammal      Summ           ####         1%          1    None
 Call Imp                 Summ           ########     1%          2    None
 Corpse Rot               Necr/Air       N/A          1%          2    None
 Ensorcelled Hibernation  Hex/Ice        ######       1%          2    None
 Poisonous Vapours        Pois/Air       ######       1%          2    None
 Slow                     Hex            #######.     1%          2    None
 Sticks to Snakes         Tmut           ########     1%          2    None
 Sublimation of Blood     Necr           ########..   1%          2    None
 Swiftness                Chrm/Air       #######.     1%          2    None
 Call Canine Familiar     Summ           ########     1%          3    None
 Frozen Ramparts          Ice            ######       1%          3    None
 Ignite Poison            Fire/Tmut/Pois #######.     1%          3    None
 Inner Flame              Hex/Fire       #######.     1%          3    None
 Mephitic Cloud           Conj/Pois/Air  #######.     1%          3    None
 Ozocubu's Armour         Chrm/Ice       ########     1%          3    None
 Portal Projectile        Hex/Tloc       ######       1%          3    None
 Recall                   Summ/Tloc      N/A          1%          3    None
 Spectral Weapon          Hex/Chrm       #######.     1%          3    None
 Spider Form              Tmut/Pois      #######...   1%          3    None
 Static Discharge         Conj/Air       #######.     1%          3    None
 Stone Arrow              Conj/Erth      ######       1%          3    None
 Summon Guardian Golem    Hex/Summ       ########     1%          3    None
 Tukima's Dance           Hex            #######.     1%          3    None
 Airstrike                Air            #######...   1%          4    None
 Cause Fear               Hex            #######...   1%          4    None
 Dispel Undead            Necr           ########     1%          4    None
 Hailstorm                Conj/Ice       ########     1%          4    None
 Ice Form                 Ice/Tmut       ########     1%          4    None
 Leda's Liquefaction      Hex/Erth       #######...   1%          4    None
 Petrify                  Tmut/Erth      ########     1%          4    None
 Summon Ice Beast         Ice/Summ       ########     1%          4    None
 Summon Lightning Spire   Summ/Air       ########     1%          4    None
 Agony                    Necr           ########     1%          5    None
 Blade Hands              Tmut           ########..   1%          5    None
 Lee's Rapid Deconstruct  Erth           #######...   1%          5    None
 Metabolic Englaciation   Hex/Ice        ########..   1%          5    None
 Summon Demon             Summ           ########..   1%          5    None
 Summon Mana Viper        Hex/Summ       ########     1%          5    None
 Yara's Violent Unravell  Hex/Tmut       ########..   1%          5    None
 Ozocubu's Refrigeration  Ice            ########..   1%          6    None
 Shadow Creatures         Summ           N/A          1%          6    None
 Simulacrum               Ice/Necr       ########..   1%          6    None
 Excruciating Wounds      Chrm/Necr      #######...   2%          5    None
 Freezing Cloud           Conj/Ice/Air   ########..   2%          6    None
 Monstrous Menagerie      Summ           ########..   2%          7    None
 Summon Greater Demon     Summ           ########..   2%          7    None
 Summon Hydra             Summ           ########..   2%          7    None
 Conjure Flame            Conj/Fire      ######..     3%          3    None
 Death Channel            Necr           ########..   4%          6    None
 Hydra Form               Tmut           ########..   4%          6    None
 Alistair's Intoxication  Tmut/Pois      #######.     5%          5    None
 Lightning Bolt           Conj/Air       #######...   5%          5    None
 Sticky Flame             Conj/Fire      ######..     9%          4    None
 Darkness                 Hex            #######...   9%          6    None
 Invisibility             Hex            #######.     9%          6    None
 Bolt of Magma            Conj/Fire/Erth #######...   10%         5    None
 Iskenderun's Battlesphe  Conj/Chrm      ######..     11%         5    None
 Olgreb's Toxic Radiance  Pois           ######..     13%         4    None
 Summon Horrible Things   Summ           ########..   16%         8    None
 Fireball                 Conj/Fire      ######....   22%         5    None
 Conjure Ball Lightning   Conj/Air       #######...   24%         6    None
 Eringya's Noxious Bog    Tmut/Pois      #######...   24%         6    None
 Iron Shot                Conj/Erth      #######...   24%         6    None
 Starburst                Conj/Fire      ######....   71%         6    None
 Discord                  Hex            #######...   93%         8    None
 Ring of Flames           Chrm/Fire      ######....   98%         7    None
 Chain Lightning          Conj/Air       #######...   100%        8    None
 Ignition                 Fire           ######....   100%        8    None
 Lehudib's Crystal Spear  Conj/Erth      #######...   100%        8    None
 Fire Storm               Conj/Fire      ######....   100%        9    ###....
 Tornado                  Air            #######...   100%        9    ###....


Dungeon Overview and Level Annotations

Branches:
Dungeon (15/15)            Temple (1/1) D:5            Lair (6/6) D:8
  Swamp (4/4) Lair:2       Spider (4/4) Lair:2        Slime (5/5) Lair:6
    Orc (2/2) D:11            Elf (3/3) Orc:2        Vaults (5/5) D:13
  Crypt (3/3) Vaults:2       Tomb (3/3) Crypt:3      Depths (5/5) D:15
   Hell (visited)             Dis (7/7) Hell            Geh (7/7) Hell
    Coc (7/7) Hell            Tar (7/7) Hell            Zot (5/5) Depths:5
Ossuary (visited)           IceCv (visited)

Altars:
Ashenzari
Cheibriados
Dithmenos
Elyvilon
Fedhas
Gozag
Hepliaklqana
Kikubaaqudgha
Nemelex Xobeh
Okawaru
Qazlal
Ru
Trog
Vehumet
Wu Jian
Xom
Yredelemnul
Zin
The Shining One
Jiyva

Shops:
D:13 *   Orc:1 !   Orc:2 ([([   Elf:2 ![?   Elf:3 *   Vaults:2 (   Vaults:5 }

Portals:
Hell: Depths:1 Depths:2 Depths:4 Depths:5
Abyss: Depths:3 Depths:4
Pandemonium: Depths:3

Annotations:
Tar:1 19 runed doors


Innate Abilities, Weirdness & Mutations

You have razor-sharp teeth.
You heal very quickly.
When hurt, damage is shared between your health and your magic reserves.
Your bite disrupts and absorbs the magic of your enemies.
Potions cannot restore your health.
You are immune to rotting.
You have large cloven feet.
You are partially covered in iridescent scales. (AC +2)
Your flesh is cold resistant. (rC+)
Armour fits poorly on your strangely shaped body.
You occasionally shout uncontrollably at your foes.
You are very weak. (Str -4)
Your spells are a little harder to cast, but a little more powerful.


Message History

Confirm with . or Enter, or press ? or * to list all spells.
Aiming: Passwall (safe; 1% risk of failure)
Press: ? - help, Dir - move target cursor A rock wall.
This square is covered in magical glow.
You begin to meditate on the wall.
You continue meditating on the rock. x4
Magic restored.
You continue meditating on the rock. x2
You finish merging with the rock.
Unknown command.
Casting: Passwall (safe; 1% risk of failure)
Confirm with . or Enter, or press ? or * to list all spells.
Aiming: Passwall (safe; 1% risk of failure)
Press: ? - help, Dir - move target cursor A rock wall.
This square is covered in magical glow.
You begin to meditate on the wall.
You continue meditating on the rock. x3
You finish merging with the rock.
There is a stone staircase leading up here.
You climb upwards.
There is a stone staircase leading down here.
Unknown command.
The kobold shouts!
You block the kobold's attack. x2
You block the kobold's attack. You block the kobold's attack.
The kobold completely misses you. You block the kobold's attack.
The kobold closely misses you. You block the kobold's attack.
You block the kobold's attack. The kobold closely misses you.
The kobold hits you but does no damage. You block the kobold's attack.
You are a level 27 Vine Stalker Ice Elementalist.
I'm sorry, level 27 is as high as you can go.
With the way you've been playing, I'm surprised you got this far.
Play time: 07:03:31 (29703 turns) Unknown command.
You block the bat's attack. You block the kobold's attack.
You block the bat's attack.
You barely miss the bat. You bite the bat.
You kill the bat!
Cheibriados thoroughly appreciates the change of pace.
You slash the kobold!
You kill the kobold!
Cheibriados thoroughly appreciates the change of pace.
There is a staircase leading out of the dungeon here.
Enter note: gg!!!!
You have escaped!

#..........# !.....!..
#..........# .........
#..........# #......>.
#......)...##### .........
##......>....... .........
##........###### g........
#..........################..
#..........#....)............
#..........#@...##...##......
#..........#................#
#..........##################
##........## ##........#
#.####.#.## ...# #.#..####
##$ ..######........
#..#####............


There were no monsters in sight!

Vanquished Creatures
  Cerebov (Pan)
  Asmodeus (Geh:7)
  Antaeus (Coc:7)
  the Royal Jelly (Slime:5)
  Gloorx Vloq (Pan)
  the Serpent of Hell (Coc:7)
  Lom Lobon (Pan)
  Ereshkigal (Tar:7)
  A seraph (Pan)
  Mnoleg (Pan)
  4 pandemonium lords (Pan)
  Dispater (Dis:7)
  4 orbs of fire (Zot:5)
  Mennas (Tomb:2)
  3 ancient liches
  A juggernaut (Zig:5)
  Sojobo (Depths:5)
  12 greater mummies
  Margery (Vaults:2)
  Frederick (Vaults:2)
  3 shard shrikes
  Saint Roka (Depths:3)
  4 golden dragons
  A caustic shrike (Depths:4)
  Nikola (Elf:3)
  2 bone dragons
  A profane servitor (Depths:4)
  15 Tzitzimimeh
  9 Brimstone Fiends
  An electric golem (Zot:5)
  A hellephant (Hell)
  7 doom hounds
  3 iron giants (Dis:7)
  8 Hell Sentinels
  Jorgrun (Orc:1)
  15 tentacled monstrosities
  12 liches
  12 Ice Fiends
  Asterion (Elf:1)
  4 titans
  18 Orb Guardians
  3 quicksilver dragons
  4 deep elf master archers (Elf:3)
  An eldritch tentacle (Tar:7)
  The ghost of Zaat the Severer, an adept VSCK of Xom (Elf:3)
  20 Executioners
  2 death cobs (Zot:2)
  2 tentacled starspawn
  15 acid blobs
  7 sphinxes
  14 ancient champions
  7 tengu reavers
  10 shadow dragons
  9 azure jellies
  3 nagarajas
  2 revenants
  10 storm dragons
  8 daevas (Pan)
  A draconian monk (Zot:5)
  6 frost giants
  4 ghost moths (Spider:4)
  12 cacodemons
  5 iron dragons
  13 vault wardens
  12 fire giants
  10 balrugs
  A draconian shifter (Depths:5)
  3 curse skulls
  5 emperor scorpions (Spider:4)
  A draconian knight (Zot:5)
  11 deep elf sorcerers
  2 orc warlords
  5 deep elf elementalists (Elf:3)
  5 warmongers (Pan)
  A juggernaut zombie (Hell)
  21 reapers
  A ghoul (Crypt:3)
  Louise (Depths:2)
  8 ironheart preservers
  10 war gargoyles
  12 angels (Pan)
  A spriggan defender (Depths:4)
  2 bennus (Tomb:3)
  3 draconian annihilators
  2 green draconians (Zot:1)
  A blood saint (Pan)
  12 stone giants
  11 ophanim (Pan)
  7 deep elf demonologists
  5 entropy weavers
  15 very ugly things
  4 apis (Pan)
  3 elemental wellsprings (Coc:7)
  Nessos (D:12)
  4 black suns (Pan)
  The ghost of Munlam the Grappler, a journeyman MiTm of Wu Jian (Lair:6)
  6 vampire knights
  A black draconian (Zot:5)
  Azrael (Spider:3)
  3 lorocyprocas (Pan)
  A corrupter (Zig:8)
  3 spark wasps
  A red draconian (Zot:5)
  11 deep elf annihilators
  2 white draconians (Zot:5)
  A yellow draconian (Zot:2)
  5 purple draconians
  2 pale draconians (Depths:5)
  9 ettins
  16 mummy priests
  6 death oozes (Slime:5)
  11 deep elf death magi
  2 merfolk javelineers
  9 blizzard demons
  10 fire dragons
  9 green deaths
  A merfolk impaler (Depths:1)
  A quicksilver dragon zombie (Dis:7)
  6 deep elf high priests
  7 jiangshi
  2 kraken zombies
  16 great orbs of eyes
  12 yaktaur captains
  A quicksilver dragon skeleton (Coc:3)
  33 vault guards
  Harold (D:11)
  12 ice dragons
  9 hydras
  3 hell beasts
  6 rakshasas
  An anaconda (Zig:10)
  3 ghost crabs (Swamp:4)
  3 shambling mangroves
  2 spriggan air magi
  4 centaur warriors
  A merfolk aquamancer (Depths:4)
  3 death knights
  11 dancing weapons
  17 two-headed ogres
  10 deep troll earth magi
  8 alligators
  9 death yaks
  22 death scarabs (Tomb:2)
  8 ogre magi
  3 thrashing horrors (Abyss:3)
  2 vampire magi
  An orc high priest (Elf:3)
  5 tengu warriors
  4 titan zombies
  11 deep troll shamans
  2 naga sharpshooters (Depths:4)
  10 hell hogs
  18 sun demons
  6 spriggan berserkers
  15 deep elf knights
  A storm dragon zombie (Hell)
  12 iron golems
  16 soul eaters
  10 iron trolls
  11 shadow wraiths
  11 sixfirhies (Pan)
  2 titan skeletons
  26 skeletal warriors
  20 large abominations
  2 storm dragon skeletons
  2 wretched stars
  A spriggan druid (Swamp:4)
  The ghost of Flugslaktarn the Frost Mage, a novice VSIE of Makhleb (D:9)
  An unseen horror (D:15)
  10 glowing orange brains
  25 hell knights
  An unseen horror (shapeshifter) (D:14)
  2 torturous demonspawn (Pan)
  13 cherubim (Pan)
  6 flayed ghosts
  A ghost moth zombie (Dis:7)
  2 gelid demonspawn (Pan)
  8 ironbrand convokers
  14 shadow demons
  10 phantasmal warriors
  5 infernal demonspawn
  A kraken simulacrum (Coc:7)
  2 tengu zombies
  2 shadow dragon zombies
  7 swamp dragons
  5 anaconda skeletons
  An anaconda zombie (Coc:3)
  An orange crystal statue (Zot:5)
  25 deep trolls
  3 wizards
  14 deep elf archers
  13 necromancers
  10 orc knights
  A wolf spider zombie (Tar:7)
  5 harpies
  A sphinx zombie (Depths:2)
  2 obsidian statues
  2 golden dragon skeletons
  5 orc sorcerers
  9 orb spiders
  5 ugly things
  24 wolf spiders
  37 deep elf magi
  4 salamanders
  2 cyclopes
  A shining eye (Pan)
  A shadow dragon skeleton (Tar:7)
  A worldbinder (Abyss:3)
  A faun (shapeshifter) (Depths:3)
  4 frost giant zombies
  3 fire giant zombies
  3 moths of wrath
  4 iron dragon skeletons
  5 stone giant zombies
  A moth of wrath (shapeshifter) (Vaults:5)
  An ice statue (Hell)
  An apocalypse crab (Abyss:3)
  2 manticores
  3 dire elephant zombies
  9 vault sentinels
  2 stone giant skeletons
  23 smoke demons
  4 eyes of devastation
  4 black mambas
  4 molten gargoyles
  3 guardian serpents
  A dire elephant skeleton (Dis:1)
  A human skeleton (Vaults:5)
  A torpor snail (shapeshifter) (Vaults:5)
  19 rust devils
  2 black draconian zombies (Crypt:3)
  11 cane toads
  A gargoyle (D:13)
  7 orange demons
  9 hellions
  23 tormentors
  A centaur skeleton (D:14)
  37 yaktaurs
  A kobold demonologist (D:14)
  An emperor scorpion zombie (Geh:6)
  4 komodo dragons
  3 tengu conjurers
  5 efreet
  14 freezing wraiths
  11 ice devils
  A komodo dragon (shapeshifter) (Elf:1)
  17 demonic crawlers
  13 hellwings (Pan)
  A queen ant zombie (Crypt:3)
  3 ancient zymes
  27 guardian mummies
  A golden dragon simulacrum (IceCv)
  A merfolk (Depths:4)
  18 jumping spiders
  10 red devils
  7 hydra zombies
  2 silent spectres (Tar:7)
  12 trolls
  2 harpy zombies
  2 catoblepas skeletons
  A jumping spider (shapeshifter) (Elf:3)
  13 hornets
  2 polar bears
  3 meliai
  A queen bee (D:11)
  5 blink frogs
  A purple draconian skeleton (Crypt:3)
  A wind drake (Spider:2)
  12 bog bodies
  3 tyrant leeches
  A harpy skeleton (Crypt:3)
  8 raiju
  73 slime creatures
  8 dream sheep
  A deep troll zombie (Hell)
  9 hippogriffs
  4 hydra skeletons
  A snapping turtle (shapeshifter) (Depths:4)
  An alligator zombie (Hell)
  A stone giant simulacrum (Coc:3)
  2 air elementals
  5 ettin zombies
  2 fire dragon zombies
  6 spriggans
  6 ynoxinuls
  7 shadows
  2 alligator skeletons
  2 fire dragon skeletons
  5 starcursed masses (Abyss:3)
  28 redbacks
  12 tarantellas
  A wyvern (shapeshifter) (Vaults:5)
  20 yaks
  13 ushabtiu
  36 flying skulls
  A dire elephant simulacrum (IceCv)
  7 wraiths
  3 ettin skeletons
  10 water elementals
  5 small abominations
  A golden eye (shapeshifter) (Abyss:2)
  2 basilisks
  15 chaos spawn (Pan)
  17 fire elementals
  2 hungry ghosts
  A golden eye (Pan)
  12 neqoxecs
  15 vampire mosquitoes
  3 steam dragons (Depths:5)
  6 insubstantial wisps (Swamp:4)
  4 wargs
  A harpy simulacrum (IceCv)
  3 acid dragons
  A naga (Zig:10)
  6 swamp worms
  5 cane toad zombies
  4 hydra simulacra
  3 floating eyes
  A floating eye (shapeshifter) (Elf:1)
  4 porcupines
  10 nameless horrors
  2 water moccasins
  A merfolk skeleton (Pan)
  40 hell hounds
  31 orc warriors
  7 swamp drakes
  A cane toad skeleton (Coc:7)
  3 sky beasts
  28 ogres
  5 eyes of draining
  An ice beast (shapeshifter) (Depths:3)
  11 ice beasts
  A black bear (D:11)
  An eye of draining (shapeshifter) (Depths:2)
  A sky beast (shapeshifter) (Depths:3)
  4 necrophages
  6 phantoms
  6 boggarts
  2 centaurs
  A swamp dragon skeleton (Coc:7)
  2 crocodiles
  3 big kobolds (D:8)
  8 bullfrogs
  5 earth elementals
  4 scorpions
  42 killer bees
  A troll zombie (Dis:2)
  A spriggan skeleton (Tomb:2)
  18 wights
  3 electric eels
  A troll skeleton (Crypt:2)
  3 centaur zombies
  2 quasits (D:6)
  2 bullfrog zombies
  3 bullfrog skeletons
  8 orc priests
  5 hounds
  3 jellies
  A human zombie (Dis:6)
  3 iron imps (Dis:7)
  2 iguanas
  10 orc wizards
  4 worker ants
  3 hell rats (Hell)
  A naga zombie (Tar:7)
  2 big kobold zombies (Ossuary)
  A hound zombie (D:11)
  24 mummies
  5 gnolls
  A howler monkey skeleton (D:4)
  11 adders
  4 shadow imps
  2 white imps (Coc:3)
  3 ufetubi
  4 oozes
  A dart slug (D:2)
  A leopard gecko (D:2)
  50 orcs
  2 giant cockroaches
  10 hobgoblins
  5 kobolds
  5 quokkas
  4 bats
  3 frilled lizards
  5 goblins
  2 goblin zombies (Ossuary)
  10 hobgoblin zombies (Ossuary)
  3 jackal zombies (Ossuary)
  11 kobold zombies (Ossuary)
  A leopard gecko skeleton (D:5)
  A leopard gecko zombie (D:5)
  8 orc zombies (Ossuary)
  A quokka skeleton (D:8)
  4 rats (D:2)
  4 blocks of ice
  3 crawling corpses (Elf:3)
  A fungus (Lair:5)
  A lurking horror (Abyss:3)
  A tentacle (Hell)
  4 withered plants (Crypt:3)
2566 creatures vanquished.

Vanquished Creatures (collateral kills)
  An ancient lich (Tar:7)
  3 greater mummies
  4 shard shrikes
  Geryon (Hell)
  3 bone dragons
  2 iron giants (Dis:7)
  A Brimstone Fiend (Pan)
  A lich (Crypt:3)
  3 tentacled monstrosities
  3 Orb Guardians (Zot:5)
  2 Ice Fiends (Coc:7)
  10 acid blobs
  2 ancient champions
  6 sphinxes (Tomb:1)
  3 shadow dragons
  2 revenants
  An azure jelly (Slime:5)
  4 nagarajas (Zig:10)
  2 iron dragons
  3 fire giants (Geh:7)
  5 balrugs
  A deep elf sorcerer (Elf:3)
  An orc warlord (Zig:7)
  A curse skull (Zig:6)
  An angel (Pan)
  An ironheart preserver (Vaults:4)
  14 reapers
  A very ugly thing (Pan)
  A war gargoyle (Dis:7)
  A draconian annihilator (Pan)
  A vampire knight (Depths:2)
  4 bennus (Tomb:3)
  A corrupter (Pan)
  A deep elf demonologist (Zig:8)
  A black draconian (Zot:3)
  4 lorocyprocas
  A yellow draconian (Zot:1)
  A deep elf annihilator (Pan)
  An eidolon (Crypt:3)
  A spark wasp (Depths:3)
  5 green deaths
  A blizzard demon (Pan)
  4 mummy priests
  A kraken zombie (Coc:7)
  A jiangshi (Crypt:3)
  11 hydras
  2 great orbs of eyes
  6 ice dragons (Coc:7)
  A quicksilver dragon skeleton (Coc:7)
  2 vault guards
  A rakshasa (Pan)
  Erolcha (D:11)
  A catoblepas (D:14)
  The ghost of Flugslaktarn the Frost Mage, a journeyman VSIE of Cheibriados (Orc:1)
  2 naga warriors (Zig:10)
  3 ogre magi
  8 two-headed ogres
  A ghost crab (Tar:7)
  A death yak (Lair:1)
  A small abomination (Vaults:4)
  15 death scarabs
  A vampire mage (Crypt:2)
  11 hell hogs
  2 orc high priests
  6 soul eaters
  5 deep elf knights
  4 hell knights
  8 sun demons
  A titan skeleton (Coc:7)
  A titan zombie (Coc:7)
  4 iron golems
  8 iron trolls
  A death drake (Tar:1)
  A salamander mystic (Depths:5)
  3 shadow wraiths
  40 skeletal warriors
  A sixfirhy (Pan)
  4 deep trolls
  An unseen horror (Zig:8)
  A storm dragon skeleton (Coc:7)
  A torturous demonspawn (Pan)
  A spriggan druid (Swamp:4)
  A shadow demon (Tar:7)
  An orange crystal statue (Zig:7)
  2 infernal demonspawn (Pan)
  3 anaconda skeletons
  5 swamp dragons (Swamp:4)
  A golden dragon skeleton (Geh:6)
  6 deep elf archers
  A flayed ghost (Crypt:3)
  2 shadow dragon zombies
  An obsidian statue (Zig:7)
  2 ironbrand convokers
  5 wizards (Pan)
  2 phantasmal warriors
  A necromancer (Geh:6)
  7 deep elf magi
  2 iron dragon zombies
  4 orb spiders
  An orc knight (Zig:5)
  5 wolf spiders
  3 ugly things (Swamp:4)
  2 frost giant zombies
  2 fire giant zombies (Tar:2)
  A cyclops (Orc:2)
  3 shining eyes
  An orc sorcerer (Orc:2)
  2 stone giant skeletons
  A salamander (Depths:5)
  2 shadow dragon skeletons
  3 stone giant zombies
  11 rust devils
  2 vault sentinels
  A fire giant skeleton (Coc:7)
  2 dire elephant zombies
  4 black mambas
  3 orange demons (Pan)
  An ice statue (Zig:7)
  A shock serpent skeleton (Tar:7)
  3 guardian serpents (Zig:10)
  A cane toad (Swamp:2)
  2 eyes of devastation (Pan)
  3 smoke demons
  A molten gargoyle (Geh:7)
  3 yaktaurs
  2 dire elephant skeletons
  3 tormentors
  4 hellions
  An efreet (Geh:7)
  10 freezing wraiths
  12 guardian mummies
  2 hellwings (Pan)
  A harpy zombie (Geh:6)
  13 red devils
  4 ice devils
  2 trolls
  2 jumping spiders
  3 blink frogs
  3 tyrant leeches
  4 hornets
  A hydra zombie (Tar:1)
  2 alligator zombies
  14 slime creatures
  3 bog bodies
  An ettin zombie (Geh:7)
  A fire dragon zombie (Coc:5)
  An ice dragon zombie (Geh:5)
  32 flying skulls
  3 ynoxinuls (Pan)
  3 redbacks
  4 wraiths
  5 shadows
  2 tarantellas
  A starcursed mass (Abyss:3)
  3 large abominations
  3 spriggans
  An ice dragon skeleton (Crypt:3)
  3 yaks
  A wyvern (D:11)
  4 fire elementals
  A fire bat (shapeshifter) (Depths:2)
  A golden eye (shapeshifter) (Depths:2)
  2 hungry ghosts (Tar:2)
  6 vampire mosquitoes
  3 chaos spawn
  2 neqoxecs (Pan)
  An insubstantial wisp (Zig:9)
  3 swamp worms
  A cane toad zombie (Hell)
  2 porcupines (Lair:1)
  12 hell hounds
  A water moccasin (Lair:6)
  2 floating eyes (Pan)
  6 swamp drakes
  2 orc warriors
  A gelid demonspawn skeleton (Geh:3)
  A phantom (Tar:2)
  A sky beast (D:10)
  A necrophage (Geh:6)
  A snapping turtle zombie (Geh:6)
  2 eyes of draining
  A spriggan simulacrum (Zig:8)
  A manticore skeleton (Geh:6)
  An ice dragon simulacrum (Coc:3)
  A snapping turtle skeleton (Coc:7)
  A swamp dragon skeleton (Crypt:3)
  10 ogres
  A crocodile (D:12)
  A bullfrog (Lair:1)
  3 killer bees
  A spriggan skeleton (Crypt:2)
  27 wights
  A nameless horror (Spider:4)
  3 orc priests
  A hound (D:12)
  15 iron imps
  2 orc wizards
  A hell rat (Hell)
  An ogre zombie (Dis:2)
  26 mummies
  2 shadow imps (Tar:1)
  17 orcs
  A river rat zombie (Crypt:3)
  3 blocks of ice
  A crawling corpse (Vaults:4)
  A plant (Depths:2)
  3 tentacles
716 creatures vanquished.

Vanquished Creatures (others)
  62 eldritch tentacles
  A deep elf sorcerer (Elf:3)
  2 elemental wellsprings (Coc:7)
  A draconian annihilator (Pan)
  A spark wasp (Depths:3)
  A monstrous demonspawn (Pan)
  A hell hog (Geh:1)
  A wizard (Pan)
  A wolf spider zombie (Geh:1)
  A frost giant skeleton (Geh:1)
  4 smoke demons (Pan)
  An alligator snapping turtle skeleton (Crypt:2)
  A yaktaur (Depths:5)
  A hellwing (Pan)
  A fire dragon zombie (Coc:3)
  2 flying skulls
  A redback (Spider:3)
  2 wraiths (Geh:6)
  A water elemental (Depths:4)
  2 ynoxinuls (Pan)
  A neqoxec (Pan)
  2 chaos spawn (Pan)
  An iron imp (Hell)
  A mummy (Tomb:2)
  23 blocks of ice
  A fungus (Lair:4)
  55 snaplasher vines
  7 spectral weapons
  4 starspawn tentacles
  14 tentacles
197 creatures vanquished.

Grand Total: 3479 creatures vanquished

Notes
Turn   | Place    | Note
-------+----------+-------------------------------------------
     0 | D:1      | Flugslaktarn the Vine Stalker Ice Elementalist began the
                  | quest for the Orb.
     0 | D:1      | Reached XP level 1. HP: 9/9 MP: 4/4
    55 | D:2      | Reached XP level 2. HP: 12/13 MP: 3/6
   368 | D:2      | Reached XP level 3. HP: 6/16 MP: 6/8
   403 | D:2      | Learned a level 3 spell: Frozen Ramparts
   447 | D:2      | Reached skill level 5 in Ice Magic
   447 | D:2      | Gained mutation: Your natural rate of healing is unusually
                  | fast. [Vine Stalker growth]
   447 | D:2      | Reached XP level 4. HP: 6/21 MP: 5/9
   660 | D:3      | Found a faded altar of an unknown god.
   716 | D:5      | Entered Level 5 of the Dungeon
   720 | D:5      | Reached XP level 5. HP: 24/24 MP: 11/11
   780 | D:5      | Found a staircase to the Ecumenical Temple.
   796 | Temple   | Entered the Ecumenical Temple
   811 | Temple   | Became a worshipper of Cheibriados the Contemplative
   849 | D:5      | Found a sand-covered staircase.
   853 | Ossuary  | Entered an ossuary
   875 | Ossuary  | Learned a level 4 spell: Summon Ice Beast
   967 | Ossuary  | Reached * piety under Cheibriados
  1139 | Ossuary  | Reached skill level 1 in Summonings
  1139 | Ossuary  | Reached skill level 6 in Ice Magic
  1169 | D:5      | Reached XP level 6. HP: 6/28 MP: 2/12
  1207 | D:5      | Noticed a sky beast
  1213 | D:5      | Reached ** piety under Cheibriados
  1215 | D:5      | Killed a sky beast
  1356 | D:5      | Gained mutation: Your spells are a little harder to cast,
                  | but a little more powerful. [potion of mutation]
  1356 | D:5      | Gained mutation: You have sharp toenails. [potion of
                  | mutation]
  1356 | D:5      | Gained mutation: You expend magic power (3 MP) to
                  | strengthen your wands. [potion of mutation]
  1374 | D:5      | Reached XP level 7. HP: 29/32 MP: 6/14
  1378 | D:5      | Reached skill level 7 in Ice Magic
  1539 | D:6      | Reached skill level 1 in Fighting
  1540 | D:6      | Gained mutation: You have razor-sharp teeth. [Vine Stalker
                  | growth]
  1540 | D:6      | Reached XP level 8. HP: 27/37 MP: 6/15
  1562 | D:6      | Reached skill level 8 in Ice Magic
  1576 | D:6      | Found a glowing silver altar of Zin.
  1619 | D:6      | Reached *** piety under Cheibriados
  1678 | D:6      | Got a slimy dagger
  1681 | D:6      | Identified the +1 dagger "Vuopef" {drain, rF++ Str+3
                  | Stlth-} (You found it on level 6 of the Dungeon)
  1749 | D:6      | Found an ancient bone altar of Kikubaaqudgha.
  1930 | D:6      | Reached skill level 5 in Spellcasting
  1950 | D:7      | Noticed a hippogriff
  1964 | D:7      | Killed a hippogriff
  1964 | D:7      | Reached skill level 9 in Ice Magic
  1975 | D:7      | Reached XP level 9. HP: 10/44 MP: 0/17
  2028 | D:7      | Reached **** piety under Cheibriados
  2035 | D:7      | Reached skill level 5 in Fighting
  2035 | D:7      | Reached skill level 5 in Dodging
  2092 | D:7      | Found a shadowy altar of Dithmenos.
  2092 | D:7      | Found a radiant altar of Vehumet.
  2247 | D:9      | Reached skill level 1 in Invocations
  2281 | D:9      | Noticed a hornet
  2305 | D:9      | Killed a hornet
  2342 | D:9      | Found a runed translucent gate.
  2342 | D:9      | Found a runed translucent gate.
  2342 | D:9      | Found a runed translucent gate.
  2343 | D:9      | Noticed Flugslaktarn's ghost (novice VSIE)
  2344 | D:9      | Noticed a troll
  2358 | D:9      | Killed Flugslaktarn's ghost
  2358 | D:9      | Reached XP level 10. HP: 46/53 MP: 12/18
  2559 | D:9      | Found a hazy altar of Hepliaklqana.
  2601 | D:9      | Found a blossoming altar of Fedhas.
  2621 | D:9      | Reached ***** piety under Cheibriados
  2626 | D:9      | Reached skill level 5 in Invocations
  2632 | D:9      | Found a shimmering altar of Xom.
  2681 | D:10     | Entered Level 10 of the Dungeon
  2742 | D:11     | Noticed Harold
  2761 | D:11     | Killed Harold
  2961 | D:10     | Noticed a two-headed ogre
  2969 | D:10     | Killed a two-headed ogre
  2969 | D:10     | Reached skill level 1 in Evocations
  2982 | D:10     | Learned a level 2 spell: Sticks to Snakes
  3150 | D:11     | Reached XP level 11. HP: 52/56 MP: 18/20
  3189 | D:11     | Reached skill level 1 in Transmutations
  3219 | D:11     | Found a staircase to the Orcish Mines.
  3222 | D:11     | Noticed Erolcha
  3239 | D:11     | Killed Erolcha
  3273 | Orc:1    | Entered Level 1 of the Orcish Mines
  3273 | Orc:1    | Noticed Jorgrun
  3284 | Orc:1    | Killed Jorgrun
  3329 | Orc:1    | Noticed an orc knight
  3349 | Orc:1    | Killed an orc knight
  3352 | Orc:1    | Reached ****** piety under Cheibriados
  3366 | Orc:1    | Noticed an orc warlord
  3406 | Orc:1    | Found Seguuh Ycept's Distillery.
  3515 | Orc:1    | Killed an orc warlord
  3683 | Orc:1    | Found a large runed translucent door.
  3683 | Orc:1    | Found a large runed translucent door.
  3684 | Orc:1    | Noticed Flugslaktarn's ghost (journeyman VSIE)
  3699 | Orc:1    | Killed Flugslaktarn's ghost
  3703 | Orc:1    | Got a masterwork ring mail
  3723 | Orc:1    | Identified the +1 ring mail "Xajomp" {rC+ Int+3 Dex+5} (You
                  | found it on level 1 of the Orcish Mines)
  3824 | Orc:2    | Entered Level 2 of the Orcish Mines
  3824 | Orc:2    | Found Eqodwaeh's Weapon Emporium.
  3824 | Orc:2    | Noticed a two-headed ogre
  3824 | Orc:2    | Noticed a cyclops
  3831 | Orc:2    | Noticed a deep troll
  3844 | Orc:2    | Found Qutweurph's Armour Boutique.
  3844 | Orc:2    | Noticed a two-headed ogre
  3844 | Orc:2    | Noticed an ogre mage
  3844 | Orc:2    | Noticed an orc sorcerer
  3844 | Orc:2    | Noticed a two-headed ogre
  3846 | Orc:2    | Killed an orc sorcerer
  3846 | Orc:2    | Gained mutation: You heal very quickly. [Vine Stalker
                  | growth]
  3846 | Orc:2    | Reached XP level 12. HP: 64/64 MP: 16/22
  3846 | Orc:2    | Reached skill level 5 in Transmutations
  3846 | Orc:2    | Noticed a two-headed ogre
  3849 | Orc:2    | Killed a two-headed ogre
  3849 | Orc:2    | Noticed a two-headed ogre
  3852 | Orc:2    | Noticed an ogre mage
  3884 | Orc:2    | Killed a two-headed ogre
  3888 | Orc:2    | Killed a two-headed ogre
  3891 | Orc:2    | Killed an ogre mage
  3892 | Orc:2    | Killed a two-headed ogre
  3896 | Orc:2    | Noticed a two-headed ogre
  3903 | Orc:2    | Killed a two-headed ogre
  3904 | Orc:2    | Noticed a two-headed ogre
  3908 | Orc:2    | Killed a two-headed ogre
  3914 | Orc:2    | Killed a two-headed ogre
  3914 | Orc:2    | Reached skill level 10 in Dodging
  3930 | Orc:2    | Killed an ogre mage
  3970 | Orc:2    | Noticed a two-headed ogre
  3976 | Orc:2    | Killed a two-headed ogre
  3976 | Orc:2    | Reached XP level 13. HP: 69/69 MP: 23/23
  3986 | Orc:2    | Found Attummoe's Antique Weapon Boutique.
  3986 | Orc:2    | Found Luqabec's Antique Armour Shop.
  3991 | Orc:2    | Found a staircase to the Elven Halls.
  4023 | Orc:2    | Bought the +3 pair of gauntlets of War {Slay+5} for 665
                  | gold pieces
  4023 | Orc:2    | Found the +3 pair of gauntlets of War {Slay+5}
  4472 | Orc:2    | Bought a shiny helmet for 195 gold pieces
  4477 | Orc:2    | Bought a glimmering chain mail for 247 gold pieces
  4487 | Orc:2    | Identified the +5 chain mail "Moykytel" {Slay+2} (You
                  | bought it in a shop on level 2 of the Orcish Mines)
  4608 | D:11     | Reached skill level 1 in Armour
  5122 | D:8      | Found a staircase to the Lair.
  5171 | Lair:1   | Entered Level 1 of the Lair of Beasts
  5415 | Lair:2   | Found a dark tunnel.
  5517 | Lair:2   | Found a staircase to the Swamp.
  5561 | Lair:2   | Found a hole to the Spider Nest.
  5678 | Spider:1 | Entered Level 1 of the Spider Nest
  5678 | Spider:1 | Noticed an entropy weaver
  5682 | Spider:1 | Killed an entropy weaver
  5682 | Spider:1 | Reached skill level 1 in Axes
  5844 | Spider:1 | Got a crystal hunting sling
  5908 | Spider:2 | Noticed an entropy weaver
  5916 | Spider:2 | Killed an entropy weaver
  5921 | Spider:2 | Learned a level 1 spell: Apportation
  5929 | Spider:2 | Reached XP level 14. HP: 74/76 MP: 21/25
  6007 | Spider:2 | Reached skill level 1 in Translocations
  6062 | Spider:2 | Reached skill level 10 in Fighting
  6435 | Spider:3 | Reached skill level 5 in Axes
  6573 | Spider:3 | Noticed an entropy weaver
  6580 | Spider:3 | Killed an entropy weaver
  6608 | Spider:3 | Got a twisted falchion
  6612 | Spider:3 | Identified the +8 hunting sling of Onyerphe {venom, rPois
                  | rC+} (You found it on level 1 of the Spider Nest)
  6705 | Spider:4 | Entered Level 4 of the Spider Nest
  6710 | Spider:4 | Paralysed by a hornet for 3 turns
  6728 | Spider:4 | Reached skill level 5 in Armour
  6814 | Spider:3 | Noticed Azrael
  6822 | Spider:3 | Killed Azrael
  6921 | Spider:4 | Killed a ghost moth
  6962 | Spider:4 | Noticed an entropy weaver
  6973 | Spider:4 | Killed an entropy weaver
  6973 | Spider:4 | Reached XP level 15. HP: 46/80 MP: 17/26
  7082 | Spider:4 | Noticed an emperor scorpion
  7098 | Spider:4 | Killed an emperor scorpion
  7106 | Spider:4 | Reached skill level 10 in Axes
  7133 | Spider:4 | Noticed an emperor scorpion
  7145 | Spider:4 | Killed an emperor scorpion
  7149 | Spider:4 | Noticed an emperor scorpion
  7164 | Spider:4 | Killed an emperor scorpion
  7171 | Spider:4 | Killed a ghost moth
  7199 | Spider:4 | Noticed an emperor scorpion
  7199 | Spider:4 | Noticed an emperor scorpion
  7219 | Spider:4 | Killed an emperor scorpion
  7220 | Spider:4 | Killed an emperor scorpion
  7261 | Spider:4 | Killed a ghost moth
  7326 | Spider:4 | Killed a ghost moth
  7331 | Spider:4 | Got a gossamer rune of Zot
  7724 | Swamp:1  | Entered Level 1 of the Swamp
  8022 | Swamp:4  | Entered Level 4 of the Swamp
  8050 | Swamp:4  | Reached XP level 16. HP: 71/86 MP: 22/27
  8161 | Swamp:4  | Found a frozen archway.
  8192 | IceCv    | Entered an ice cave
  8534 | Swamp:4  | Got a decaying rune of Zot
  9085 | Lair:6   | Entered Level 6 of the Lair of Beasts
  9096 | Lair:6   | Noticed Munlam's ghost (journeyman MiTm)
  9099 | Lair:6   | Found a transporter.
  9104 | Lair:6   | Found a transporter.
  9120 | Lair:6   | Killed Munlam's ghost
  9213 | Lair:6   | Reached skill level 5 in Evocations
  9222 | Lair:6   | Found a staircase to the Slime Pits.
  9222 | Lair:6   | Found a viscous altar of Jiyva.
  9242 | Slime:1  | Entered Level 1 of the Pits of Slime
  9247 | Slime:1  | Reached XP level 17. HP: 93/93 MP: 21/28
  9275 | Slime:2  | Noticed an acid blob
  9275 | Slime:2  | Noticed an acid blob
  9275 | Slime:2  | Noticed an acid blob
  9283 | Slime:1  | Killed an acid blob
  9285 | Slime:1  | Reached skill level 1 in Throwing
  9347 | Slime:2  | Noticed an acid blob
  9355 | Slime:2  | Killed an acid blob
  9357 | Slime:2  | Noticed an acid blob
  9362 | Slime:1  | HP: 3/93 [slime creature (2)]
  9416 | Slime:2  | Noticed an acid blob
  9425 | Slime:2  | Killed an acid blob
  9429 | Slime:2  | Killed an acid blob
  9443 | Slime:2  | Gained mutation: Your body sometimes deteriorates upon
                  | taking damage. [a shining eye]
  9463 | Slime:2  | Killed an acid blob
  9492 | Slime:2  | Killed an acid blob
  9505 | Slime:3  | Noticed an acid blob
  9511 | Slime:3  | Killed an acid blob
  9563 | Slime:4  | Gained mutation: You are frail. (-10% HP) [a shining eye]
  9564 | Slime:4  | Gained mutation: You are very frail. (-20% HP) [a shining
                  | eye]
  9586 | Slime:4  | Noticed an acid blob
  9606 | Slime:4  | Lost mutation: Your spells are a little harder to cast, but
                  | a little more powerful. [potion of mutation]
  9606 | Slime:4  | Lost mutation: Your body sometimes deteriorates upon taking
                  | damage. [potion of mutation]
  9606 | Slime:4  | Lost mutation: You are very frail. (-20% HP) [potion of
                  | mutation]
  9606 | Slime:4  | Gained mutation: You are somewhat resistant to further
                  | mutation. [potion of mutation]
  9623 | Slime:5  | Entered Level 5 of the Pits of Slime
  9630 | Slime:5  | Noticed an acid blob
  9631 | Slime:5  | Noticed an acid blob
  9635 | Slime:5  | Killed an acid blob
  9641 | Slime:5  | Killed an acid blob
  9663 | Slime:5  | Noticed an acid blob
  9665 | Slime:5  | Noticed an acid blob
  9668 | Slime:5  | Noticed the Royal Jelly
  9669 | Slime:5  | Noticed an acid blob
  9670 | Slime:5  | Noticed an acid blob
  9675 | Slime:5  | Noticed an acid blob
  9679 | Slime:5  | Killed an acid blob
  9681 | Slime:5  | Killed an acid blob
  9683 | Slime:5  | Killed an acid blob
  9688 | Slime:5  | Killed an acid blob
  9722 | Slime:4  | Noticed an acid blob
  9729 | Slime:4  | Killed an acid blob
  9734 | Slime:4  | Killed an acid blob
  9912 | Slime:5  | Noticed an acid blob
  9920 | Slime:5  | Killed an acid blob
  9938 | Slime:5  | Killed an acid blob
  9942 | Slime:5  | Noticed an acid blob
  9946 | Slime:5  | Killed an acid blob
  9959 | Slime:5  | Noticed an acid blob
  9959 | Slime:5  | Noticed an acid blob
  9960 | Slime:5  | Noticed an acid blob
  9961 | Slime:5  | Killed the Royal Jelly
  9961 | Slime:5  | Killed an acid blob
  9961 | Slime:5  | Reached skill level 5 in Throwing
  9961 | Slime:5  | Reached XP level 18. HP: 59/89 MP: 9/29
 10168 | Slime:5  | Found the +7 Spriggan's Knife {stab, EV+4 Stlth+}
 10172 | Slime:5  | Identified the Compendium of Assistive Evil Rituals
 10224 | Slime:5  | Identified the +9 plate armour of Gravitas {Harm rElec rC-
                  | Int+7} (You found it on level 5 of the Pits of Slime)
 10225 | Slime:5  | Identified the cursed +1 plate armour "Ygus" {rPois SInv}
                  | (You found it on level 5 of the Pits of Slime)
 10226 | Slime:5  | Identified the +4 helmet of Pigeek {MP+9} (You found it on
                  | level 5 of the Pits of Slime)
 10237 | Slime:5  | Identified the amulet "Ostom" {Reflect rElec rPois rF+
                  | SH+5} (You found it on level 5 of the Pits of Slime)
 10238 | Slime:5  | Identified the amulet "Gorej" {RegenMP rC+ Dex+6} (You
                  | found it on level 5 of the Pits of Slime)
 10239 | Slime:5  | Identified the ring of Wannerun {rElec rPois rF- Str+2
                  | Stlth-} (You found it on level 5 of the Pits of Slime)
 10240 | Slime:5  | Identified the ring of Liberty {Fire MR+} (You found it on
                  | level 5 of the Pits of Slime)
 10248 | Slime:5  | Got a slimy rune of Zot
 10709 | D:11     | You fall into a shaft and drop 1 floor!
 10817 | D:12     | Noticed Nessos
 10829 | D:12     | Killed Nessos
 10834 | D:12     | Learned a level 3 spell: Spectral Weapon
 10840 | D:12     | Learned a level 5 spell: Summon Forest
 10845 | D:12     | Learned a level 4 spell: Animate Dead
 11064 | D:13     | Found Qid Vid's General Store.
 11081 | D:13     | Bought a scroll of fear for 52 gold pieces
 11081 | D:13     | Bought a wand of iceblast (6) for 150 gold pieces
 11124 | D:13     | Reached skill level 1 in Charms
 11125 | D:13     | Reached skill level 1 in Hexes
 11148 | D:13     | Reached skill level 1 in Necromancy
 11157 | D:13     | Found a gate to the Vaults.
 11448 | Orc:1    | Bought a potion of ambrosia for 112 gold pieces
 11448 | Orc:1    | Bought a potion of cancellation for 112 gold pieces
 11448 | Orc:1    | Bought a potion of magic for 112 gold pieces
 11448 | Orc:1    | Bought a potion of invisibility for 112 gold pieces
 11466 | Elf:1    | Entered Level 1 of the Elven Halls
 11487 | Elf:1    | Found a radiant altar of Vehumet.
 11660 | Elf:3    | Entered Level 3 of the Elven Halls
 11732 | Elf:3    | Reached skill level 5 in Translocations
 11755 | Elf:3    | Found a runed translucent gate.
 11755 | Elf:3    | Found a runed translucent gate.
 11756 | Elf:3    | Found a runed translucent gate.
 11757 | Elf:3    | Found an opulent altar of Gozag.
 11758 | Elf:3    | Found Qeizxuho's Assorted Antiques.
 11758 | Elf:3    | Noticed Zaat's ghost (adept VSCK)
 11794 | Elf:3    | Killed Zaat's ghost
 11854 | Elf:2    | Cast into level 3 of the Abyss (a deep elf demonologist)
 11886 | Abyss:3  | Reached skill level 5 in Summonings
 11970 | Abyss:3  | Reached XP level 19. HP: 62/93 MP: 32/32
 11992 | Abyss:3  | Got an abyssal rune of Zot
 12002 | Abyss:3  | Noticed an ancient lich
 12036 | Abyss:3  | Found a corrupted altar of Lugonu.
 12058 | Elf:2    | Escaped the Abyss
 12061 | Elf:2    | Noticed an Ice Fiend
 12474 | Elf:3    | Noticed Nikola
 12485 | Elf:3    | Killed Nikola
 12521 | Elf:3    | Reached skill level 1 in Shields
 12524 | Elf:3    | Noticed an Ice Fiend
 12568 | Elf:3    | Reached skill level 5 in Necromancy
 12748 | Elf:3    | Reached skill level 10 in Spellcasting
 12943 | Elf:3    | Reached XP level 20. HP: 93/98 MP: 35/35
 12946 | Elf:3    | Identified the amulet "Ippod" {Reflect MP+9 SH+5}
 12968 | Elf:3    | Identified the Papyrus of Burning Translocation
 13034 | Elf:3    | Identified the amulet "Veero" {Inacc +Inv rN+ Dex+2} (You
                  | found it on level 3 of the Elven Halls)
 13035 | Elf:3    | Identified the ring of Ceavateb {Wiz Dex+2 Stlth+} (You
                  | found it on level 3 of the Elven Halls)
 13045 | Elf:3    | Learned a level 5 spell: Borgnjor's Vile Clutch
 13154 | Elf:2    | Found Deng's Magic Scroll Shoppe.
 13156 | Elf:2    | Found Sutuzass's Antique Armour Emporium.
 13158 | Elf:2    | Found Uqil's Distillery.
 13162 | Elf:2    | Bought a scroll of magic mapping for 70 gold pieces
 13162 | Elf:2    | Bought a scroll of fog for 40 gold pieces
 13168 | Elf:2    | Bought a potion of cancellation for 128 gold pieces
 13168 | Elf:2    | Bought a potion of magic for 128 gold pieces
 13237 | Elf:1    | Noticed Asterion
 13254 | Elf:1    | Killed Asterion
 13472 | D:13     | Reached skill level 1 in Earth Magic
 13666 | Vaults:1 | Entered Level 1 of the Vaults
 13686 | Vaults:1 | Identified the +4 scale mail of the Snail {rElec rF+} (You
                  | found it on level 1 of the Vaults)
 13914 | Vaults:2 | Noticed Margery
 13925 | Vaults:2 | Killed Margery
 13925 | Vaults:2 | Reached skill level 5 in Shields
 13963 | Vaults:2 | Found Neidecux's Weapon Boutique.
 14486 | Vaults:4 | Reached skill level 5 in Earth Magic
 14534 | Vaults:5 | Entered Level 5 of the Vaults
 14550 | Vaults:5 | Noticed an ancient lich
 14564 | Vaults:5 | lol
 14568 | Vaults:5 | Killed an ancient lich
 14634 | Vaults:5 | Reached XP level 21. HP: 98/101 MP: 37/37
 14808 | Vaults:5 | Reached skill level 10 in Shields
 14927 | Vaults:5 | Reached skill level 10 in Necromancy
 15186 | Vaults:5 | Identified the ring of Contention {rF+ Str+8 Int-3} (You
                  | found it on level 5 of the Vaults)
 15214 | Vaults:5 | Reached XP level 22. HP: 101/106 MP: 38/38
 15233 | Vaults:5 | Reached skill level 10 in Summonings
 15295 | Vaults:5 | Got a silver rune of Zot
 15386 | Vaults:5 | Noticed a golden dragon
 15396 | Vaults:5 | Killed a golden dragon
 15402 | Vaults:5 | Found the +2 hat of the Bear Spirit {Spirit, +Rage rN+
                  | MR++}
 15404 | Vaults:5 | Identified the Volume of Malediction and the Volcanoes
 15508 | Vaults:5 | Found Lyfo's Gadget Boutique.
 15620 | Vaults:4 | Identified the cursed +1 plate armour "Yliogh" {Str+3
                  | Stlth+} (You found it on level 4 of the Vaults)
 15830 | Vaults:2 | Noticed Frederick
 15844 | Vaults:2 | Killed Frederick
 16070 | D:15     | Entered Level 15 of the Dungeon
 16557 | D:15     | Found a staircase to the Depths.
 16564 | Depths:1 | Entered Level 1 of the Depths
 16624 | Depths:1 | Found a gateway to Hell.
 16817 | Depths:2 | Identified the -5 cloak of Death Resistance {+Blink rF-
                  | Dex+9 Stlth+} (You found it on level 2 of the Depths)
 16818 | Depths:2 | Identified the ring "Ebothruac" {+Fly rPois rF- Str+5} (You
                  | found it on level 2 of the Depths)
 17007 | Depths:3 | Reached XP level 23. HP: 109/109 MP: 36/39
 17129 | Depths:3 | Reached skill level 15 in Summonings
 17185 | Depths:3 | Identified the amulet of Interdependent Arising {Faith
                  | Str+3 Int+6 Dex+4 Slay+2} (You found it on level 3 of the
                  | Depths)
 17193 | Depths:3 | Learned a level 5 spell: Aura of Abjuration
 17201 | Depths:3 | Learned a level 7 spell: Malign Gateway
 17263 | Depths:3 | Found a one-way gate to the infinite horrors of the Abyss.
 17280 | Depths:3 | Noticed Saint Roka
 17295 | Depths:3 | Killed Saint Roka
 17359 | Depths:3 | Learned a level 3 spell: Lesser Beckoning
 17362 | Depths:3 | Learned a level 2 spell: Blink
 17475 | Depths:3 | Found a one-way gate leading to the halls of Pandemonium.
 17498 | Pan      | Entered Pandemonium
 17687 | Pan      | Found a glowing silver altar of Zin.
 17708 | Pan      | Reached skill level 10 in Translocations
 18050 | Pan      | Identified the cursed +0 tower shield of Qofuenon {Dex+4}
 18050 | Pan      | Identified the ring "Cak Duuth" {rF- AC+4 Str+4}
 18067 | Pan      | Noticed a seraph
 18080 | Pan      | Found a glowing golden altar of the Shining One.
 18084 | Pan      | Got a demonic rune of Zot
 18169 | Pan      | Reached XP level 24. HP: 89/114 MP: 36/39
 18273 | Pan      | Killed a seraph
 18337 | Pan      | Identified the Volume of Supportive Hexes
 18618 | Pan      | Found an exit through the horrors of the Abyss.
 18629 | Pan      | Reached skill level 10 in Invocations
 18644 | Pan      | Took an exit into the Abyss.
 18644 | Abyss:1  | Escaped into the Abyss
 18644 | Abyss:1  | Found a corrupted altar of Lugonu.
 18732 | Abyss:2  | Found a corrupted altar of Lugonu.
 18769 | Depths:3 | Escaped the Abyss
 18924 | Depths:4 | Found a shimmering altar of Xom.
 18958 | Depths:4 | Reached skill level 5 in Stealth
 19003 | Depths:4 | Identified the ring "Boxemer" {Ice +Fly MR+} (You found it
                  | on level 4 of the Depths)
 19134 | Depths:4 | Reached skill level 10 in Stealth
 19165 | Depths:4 | Reached skill level 15 in Axes
 19190 | Depths:4 | Identified the ring "Qaoto" {rN+ Str+4 Int-2 Dex+6} (You
                  | found it on level 4 of the Depths)
 19302 | Depths:4 | Noticed a caustic shrike
 19306 | Depths:4 | Killed a caustic shrike
 19409 | Depths:4 | Identified the ring "Kelatara" {rPois rF+ rC+ Dex+2 Stlth-}
                  | (You found it on level 4 of the Depths)
 19430 | Depths:4 | Found an iron altar of Okawaru.
 19495 | Depths:4 | Reached XP level 25. HP: 116/119 MP: 40/40
 19526 | Depths:5 | Entered Level 5 of the Depths
 19732 | Depths:5 | Noticed Sojobo
 19751 | Depths:5 | Killed Sojobo
 19849 | Depths:5 | Learned a level 5 spell: Irradiate
 19929 | Depths:2 | Found a gateway to a ziggurat.
 19945 | Zig:1    | Entered Level 1 of a ziggurat
 19970 | Zig:2    | Entered Level 2 of a ziggurat
 19981 | Zig:2    | Reached skill level 1 in Conjurations
 19988 | Zig:3    | Entered Level 3 of a ziggurat
 20012 | Zig:4    | Entered Level 4 of a ziggurat
 20048 | Zig:5    | Entered Level 5 of a ziggurat
 20052 | Zig:5    | Noticed a juggernaut
 20060 | Zig:5    | Killed a juggernaut
 20075 | Zig:6    | Entered Level 6 of a ziggurat
 20139 | Zig:6    | Reached XP level 26. HP: 126/126 MP: 21/40
 20163 | Zig:7    | Entered Level 7 of a ziggurat
 20205 | Zig:7    | Identified a scroll of acquirement
 20221 | Zig:8    | Entered Level 8 of a ziggurat
 20258 | Zig:8    | Identified the Collected Works on the Rocks
 20269 | Zig:8    | Learned a level 6 spell: Statue Form
 20274 | Zig:8    | Learned a level 2 spell: Passwall
 20279 | Zig:9    | Entered Level 9 of a ziggurat
 20296 | Zig:9    | Reached skill level 15 in Fighting
 20315 | Zig:9    | Identified A Primer on Spellcraft
 20324 | Zig:9    | Reached XP level 27. HP: 128/129 MP: 35/40
 20325 | Zig:9    | Identified the ring "Tuodyqoa" {rN+ MR+ MP+9 Str+4 Int-3
                  | Dex+4} (You found it on level 9 of a ziggurat)
 20333 | Zig:10   | Entered Level 10 of a ziggurat
 20383 | Depths:2 | Noticed Louise
 20404 | Depths:2 | Killed Louise
 20483 | Pan      | Entered Pandemonium
 20516 | Pan      | Noticed Nuigam the pandemonium lord
 20530 | Pan      | Killed Nuigam the pandemonium lord
 20570 | Pan      | Noticed Oreev the pandemonium lord
 20579 | Pan      | Killed Oreev the pandemonium lord
 20600 | Pan      | Entered the realm of Lom Lobon.
 20738 | Pan      | Reached skill level 15 in Spellcasting
 20788 | Pan      | Learned a level 9 spell: Absolute Zero
 20810 | Pan      | Reached skill level 10 in Ice Magic
 20821 | Pan      | Noticed Lom Lobon
 20824 | Pan      | Got a magical rune of Zot
 21037 | Pan      | Reached skill level 11 in Ice Magic
 21114 | Pan      | Entered the realm of Mnoleg.
 21229 | Pan      | Reached skill level 12 in Ice Magic
 21311 | Pan      | Gained mutation: You are very frail. (-20% HP) [a neqoxec]
 21332 | Pan      | Noticed Mnoleg
 21350 | Pan      | Killed Mnoleg
 21350 | Pan      | Reached skill level 13 in Ice Magic
 21421 | Pan      | Got a glowing rune of Zot
 21508 | Pan      | Entered the realm of Gloorx Vloq.
 21526 | Pan      | Reached skill level 14 in Ice Magic
 21543 | Pan      | Lost mutation: You are very frail. (-20% HP) [potion of
                  | mutation]
 21543 | Pan      | Lost mutation: You have sharp toenails. [potion of
                  | mutation]
 21543 | Pan      | Lost mutation: You are frail. (-10% HP) [potion of
                  | mutation]
 21543 | Pan      | Lost mutation: You are somewhat resistant to further
                  | mutation. [potion of mutation]
 21543 | Pan      | Gained mutation: Armour fits poorly on your strangely
                  | shaped body. [potion of mutation]
 21543 | Pan      | Gained mutation: You are resistant to hostile enchantments.
                  | (MR+) [potion of mutation]
 21543 | Pan      | Gained mutation: You possess an exceptional clarity of
                  | mind. [potion of mutation]
 21544 | Pan      | Noticed Gloorx Vloq
 21558 | Pan      | Killed Gloorx Vloq
 21568 | Pan      | Got a dark rune of Zot
 21583 | Pan      | Reached skill level 15 in Ice Magic
 21637 | Pan      | Lost mutation: Armour fits poorly on your strangely shaped
                  | body. [potion of mutation]
 21637 | Pan      | Lost mutation: You are resistant to hostile enchantments.
                  | (MR+) [potion of mutation]
 21637 | Pan      | Gained mutation: Your spells are a little easier to cast,
                  | but a little less powerful. [potion of mutation]
 21637 | Pan      | Gained mutation: Your system is resistant to poisons.
                  | (rPois) [potion of mutation]
 21638 | Pan      | Lost mutation: Your spells are a little easier to cast, but
                  | a little less powerful. [potion of mutation]
 21638 | Pan      | Lost mutation: You expend magic power (3 MP) to strengthen
                  | your wands. [potion of mutation]
 21638 | Pan      | Lost mutation: Your system is resistant to poisons. (rPois)
                  | [potion of mutation]
 21638 | Pan      | Gained mutation: You occasionally shout uncontrollably at
                  | your foes. [potion of mutation]
 21638 | Pan      | Gained mutation: Your spells are a little harder to cast,
                  | but a little more powerful. [potion of mutation]
 21638 | Pan      | Gained mutation: Your spells are harder to cast, but more
                  | powerful. [potion of mutation]
 21642 | Pan      | Lost mutation: You possess an exceptional clarity of mind.
                  | [potion of mutation]
 21642 | Pan      | Lost mutation: You occasionally shout uncontrollably at
                  | your foes. [potion of mutation]
 21642 | Pan      | Gained mutation: Your spells are much harder to cast, but
                  | much more powerful. [potion of mutation]
 21642 | Pan      | Gained mutation: Your mind is acute. (Int +2) [potion of
                  | mutation]
 21648 | Pan      | Lost mutation: Your mind is acute. (Int +2) [potion of
                  | mutation]
 21648 | Pan      | Lost mutation: Your spells are much harder to cast, but
                  | much more powerful. [potion of mutation]
 21648 | Pan      | Lost mutation: Your spells are harder to cast, but more
                  | powerful. [potion of mutation]
 21648 | Pan      | Gained mutation: You are partially covered in iridescent
                  | scales. (AC +2) [potion of mutation]
 21648 | Pan      | Gained mutation: You have large cloven feet. [potion of
                  | mutation]
 21648 | Pan      | Gained mutation: Your flesh is cold resistant. (rC+)
                  | [potion of mutation]
 21684 | Pan      | Noticed Lom Lobon
 21834 | Pan      | Entered the realm of Cerebov.
 21880 | Pan      | Reached skill level 1 in Maces & Flails
 21881 | Pan      | Reached skill level 16 in Ice Magic
 21960 | Pan      | Identified the +6 sword of Cerebov {flame}
 21960 | Pan      | Noticed Cerebov
 21993 | Pan      | Killed Cerebov
 22024 | Pan      | Identified the ring "Kiavarimisch" {MR+ Str+3} (You found
                  | it in Pandemonium)
 22062 | Pan      | Identified the ring of Perfectionism {*Tele MR- Str+4
                  | Dex+2} (You found it in Pandemonium)
 22082 | Pan      | Got a fiery rune of Zot
 22127 | Pan      | Found an exit through the horrors of the Abyss.
 22133 | Pan      | Found an exit through the horrors of the Abyss.
 22138 | Pan      | Noticed Lom Lobon
 22162 | Pan      | Noticed Komoemuy the pandemonium lord
 22216 | Pan      | Reached skill level 17 in Ice Magic
 22236 | Pan      | Killed Komoemuy the pandemonium lord
 22270 | Pan      | Killed Lom Lobon
 22324 | Pan      | Reached skill level 18 in Ice Magic
 22547 | Pan      | Noticed Goqeug the pandemonium lord
 22563 | Pan      | Killed Goqeug the pandemonium lord
 22659 | Pan      | Found an exit through the horrors of the Abyss.
 22670 | Pan      | Took an exit into the Abyss.
 22670 | Abyss:1  | Escaped into the Abyss
 22677 | Depths:3 | Escaped the Abyss
 22718 | Hell     | Entered the Vestibule of Hell
 22718 | Hell     | Noticed Geryon
 22728 | Hell     | Killed Geryon
 22772 | Hell     | Found a gateway to the freezing wastes of Cocytus.
 22779 | Hell     | Reached skill level 19 in Ice Magic
 22792 | Hell     | Noticed an ancient lich
 22813 | Coc:1    | Entered Level 1 of Cocytus
 22821 | Coc:1    | You fall into a shaft and drop 1 floor!
 23074 | Coc:7    | Entered Level 7 of Cocytus
 23091 | Coc:7    | Reached skill level 20 in Ice Magic
 23095 | Coc:7    | Noticed the Serpent of Hell
 23114 | Coc:7    | Killed the Serpent of Hell
 23133 | Coc:7    | Reached skill level 21 in Ice Magic
 23232 | Coc:7    | Noticed Antaeus
 23233 | Coc:7    | Killed Antaeus
 23258 | Coc:7    | Got an icy rune of Zot
 23328 | Hell     | Reached skill level 22 in Ice Magic
 23377 | Hell     | Found a gateway to the decaying netherworld of Tartarus.
 23386 | Tar:1    | Entered Level 1 of Tartarus
 23481 | Tar:1    | Found a huge runed gate.
 23481 | Tar:1    | Found a huge runed gate.
 23482 | Tar:1    | Found a huge runed gate.
 23485 | Tar:1    | Found a huge runed gate.
 23553 | Tar:1    | Found a huge runed gate.
 23553 | Tar:1    | Found a huge runed gate.
 23553 | Tar:1    | Found a huge runed gate.
 23553 | Tar:1    | Found a huge runed gate.
 23558 | Tar:1    | Found a huge runed gate.
 23558 | Tar:1    | Found a huge runed gate.
 23558 | Tar:1    | Found a huge runed gate.
 23558 | Tar:1    | Found a huge runed gate.
 23558 | Tar:1    | Found a huge runed gate.
 23559 | Tar:1    | Found a huge runed gate.
 23560 | Tar:1    | Found a huge runed gate.
 23561 | Tar:1    | Found a huge runed gate.
 23562 | Tar:1    | Found a huge runed gate.
 23578 | Tar:1    | Found a huge runed gate.
 23578 | Tar:1    | Found a huge runed gate.
 23636 | Tar:3    | You fall into a shaft and drop 3 floors!
 23673 | Tar:6    | Gained mutation: You occasionally shout uncontrollably at
                  | your foes. [mutagenic glow]
 23681 | Tar:7    | Entered Level 7 of Tartarus
 23734 | Tar:7    | Reached skill level 23 in Ice Magic
 23740 | Tar:7    | Noticed an ancient lich
 23745 | Tar:7    | Killed an ancient lich
 23796 | Tar:7    | Gained mutation: You are weak. (Str -2) [mutagenic glow]
 23865 | Tar:7    | Noticed Ereshkigal
 23887 | Tar:7    | Killed Ereshkigal
 23936 | Tar:7    | Reached skill level 10 in Transmutations
 24123 | Tar:7    | Got a bone rune of Zot
 24227 | Hell     | Found a gateway to the ashen valley of Gehenna.
 24236 | Geh:1    | Entered Level 1 of Gehenna
 24405 | Geh:3    | You fall into a shaft and drop 2 floors!
 24490 | Geh:5    | Reached skill level 15 in Dodging
 24710 | Geh:7    | Entered Level 7 of Gehenna
 24728 | Geh:7    | Identified the +7 sceptre of Asmodeus
 24728 | Geh:7    | Noticed Asmodeus
 24730 | Geh:7    | Killed Asmodeus
 24768 | Geh:7    | Got an obsidian rune of Zot
 24969 | Hell     | Found a gateway to the Iron City of Dis.
 24986 | Dis:1    | Entered Level 1 of the Iron City of Dis
 25743 | Dis:7    | Entered Level 7 of the Iron City of Dis
 25785 | Dis:7    | Cast into level 3 of the Abyss (skeletal warrior)
 25804 | Dis:7    | Escaped the Abyss
 25821 | Dis:7    | Reached skill level 10 in Throwing
 25974 | Dis:7    | Identified the +5 plate armour "Vutoum" {rPois Str+5}
 25975 | Dis:7    | Gained mutation: Armour fits poorly on your strangely
                  | shaped body. [a cacodemon]
 26014 | Dis:7    | Identified the +4 staff of Dispater
 26014 | Dis:7    | Noticed Dispater
 26016 | Dis:7    | Killed Dispater
 26016 | Dis:7    | Reached skill level 10 in Evocations
 26020 | Dis:7    | Got an iron rune of Zot
 26276 | Vaults:2 | Found a staircase to the Crypt.
 26290 | Crypt:1  | Entered Level 1 of the Crypt
 26392 | Crypt:3  | Entered Level 3 of the Crypt
 26476 | Crypt:3  | Learned a level 5 spell: Silence
 26556 | Crypt:3  | Reached skill level 1 in Air Magic
 26574 | Crypt:3  | Found a staircase to the Tomb.
 26595 | Tomb:1   | Entered Level 1 of the Tomb of the Ancients
 26671 | Tomb:1   | Reached skill level 5 in Hexes
 26722 | Tomb:1   | Noticed a greater mummy
 26722 | Tomb:1   | Noticed a greater mummy
 26726 | Tomb:1   | Noticed a greater mummy
 26727 | Tomb:1   | Noticed a greater mummy
 26735 | Tomb:1   | Killed a greater mummy
 26740 | Tomb:1   | Killed a greater mummy
 26745 | Tomb:1   | Killed a greater mummy
 26775 | Tomb:1   | Identified the cursed +1 dagger of Buwkaunk {freeze, rC+
                  | rN+}
 26824 | Tomb:2   | Noticed a greater mummy
 26832 | Tomb:2   | Reached skill level 5 in Air Magic
 26861 | Tomb:2   | Noticed a greater mummy
 26862 | Tomb:2   | Killed a greater mummy
 26867 | Tomb:2   | Killed a greater mummy
 26896 | Tomb:2   | Noticed a greater mummy
 26936 | Tomb:2   | Killed a greater mummy
 26953 | Tomb:2   | Noticed a greater mummy
 26961 | Tomb:2   | Killed a greater mummy
 27395 | Tomb:2   | Noticed Mennas
 27402 | Tomb:2   | Killed Mennas
 27524 | Tomb:3   | Entered Level 3 of the Tomb of the Ancients
 27529 | Tomb:3   | Noticed a greater mummy
 27529 | Tomb:3   | Noticed a greater mummy
 27552 | Tomb:3   | Killed a greater mummy
 27615 | Tomb:3   | Noticed a greater mummy
 27617 | Tomb:3   | Noticed a greater mummy
 27626 | Tomb:3   | Noticed a greater mummy
 27627 | Tomb:3   | Noticed an ancient lich
 27632 | Tomb:3   | Killed an ancient lich
 27661 | Tomb:3   | Killed a greater mummy
 27673 | Tomb:3   | Killed a greater mummy
 27674 | Tomb:3   | Noticed a greater mummy
 27674 | Tomb:3   | Noticed a greater mummy
 27680 | Tomb:3   | Killed a greater mummy
 27691 | Tomb:3   | Killed a greater mummy
 27699 | Tomb:3   | Killed a greater mummy
 27722 | Tomb:3   | Got the ring of Zid Tifi {rN+ AC+4 SInv}
 27759 | Tomb:3   | Identified the ring "Madesu" {Int+6 Dex+5} (You found it on
                  | level 3 of the Tomb of the Ancients)
 27802 | Tomb:3   | Killed a greater mummy
 27832 | Tomb:3   | Found the +7 lajatang of Order {silver, rMut}
 27845 | Tomb:3   | Identified the +16 shadow dragon scales "Hunioc Joit"
                  | {-Tele Int+5 Stlth++++} (You found it on level 3 of the
                  | Tomb of the Ancients)
 27858 | Tomb:3   | Got a fine silver ring
 27858 | Tomb:3   | Got a warped bone ring
 27858 | Tomb:3   | Got a bound turquoise ring
 27859 | Tomb:3   | Identified the ring of Ruaxtiv {*Tele rC+} (You found it on
                  | level 3 of the Tomb of the Ancients)
 27860 | Tomb:3   | Identified the ring of Cuamn {rF+ Dex+2} (You found it on
                  | level 3 of the Tomb of the Ancients)
 27861 | Tomb:3   | Identified the ring "Yklirghu" {rElec rPois} (You found it
                  | on level 3 of the Tomb of the Ancients)
 27891 | Tomb:3   | Identified the Tome of Creation and Toxins
 27905 | Tomb:3   | Got a golden rune of Zot
 28050 | Tomb:1   | Killed a greater mummy
 28512 | Depths:5 | Found a gate to the Realm of Zot.
 28518 | Zot:1    | Entered Level 1 of the Realm of Zot
 28802 | Zot:5    | Entered Level 5 of the Realm of Zot
 28970 | Zot:5    | Noticed an orb of fire
 28974 | Zot:5    | Noticed an orb of fire
 28978 | Zot:5    | Killed an orb of fire
 28981 | Zot:5    | Killed an orb of fire
 28981 | Zot:5    | Reached skill level 15 in Throwing
 28994 | Zot:5    | Noticed an ancient lich
 29005 | Zot:5    | Killed an ancient lich
 29010 | Zot:5    | Noticed an orb of fire
 29011 | Zot:5    | Noticed an orb of fire
 29016 | Zot:5    | Killed an orb of fire
 29021 | Zot:5    | Killed an orb of fire
 29088 | Zot:5    | Got the Orb of Zot
 29229 | Zot:2    | Noticed a seraph
 29256 | Zot:2    | Gained mutation: You are very weak. (Str -4) [mutagenic
                  | glow]
 29709 | D:1      | gg!!!!
 29710 | D:$      | Escaped with the Orb!

Illustrated notes ##################. .......(@§§§§{2.... .........22§§§).... ################### Turn 14564 on Vaults:5: lol

#..........# !.....!..
#..........# .........
#..........# #......>.
#......)...##### .........
##......>....... .........
##........###### g........
#..........################..
#..........#....)............
#..........#@...##...##......
#..........#................#
#..........##################
##........## ##........#
#.####.#.## ...# #.#..####
##$ ..######........
#..#####............


Turn 29709 on D:1: gg!!!!

Levels and vault maps discovered:
D:1:      wheals_arrival_shading, layout_rooms
D:2:      layout_basic
D:3:      wad_woods_settlement, layout_basic, chequers_ecumenical_altar_simple,
          first_ration
D:4:      layout_cave_pods
D:5:      minmay_opposing_rooms, layout_loops_ring,
          minmay_temple_entry_glassed_door, enter_ossuary_5
D:6:      black_bear_nest_2, layout_gridville, kiku_gazebo_garden_becter,
          kennysheep_mini
D:7:      layout_loops_cross, chequers_temple_overflow_minitemple,
          marbit_many_paths
D:8:      layout_loops_ring, lair_entry_dummy, hangedman_ranch
          [blue_anna_fruit_fields]
D:9:      layout_small_grid, nicolae_overflow_crystal_walls, old_standard_altar,
          gammafunk_ghost_split, basic_altar
D:10:     layout_cave_pods
D:11:     layout_long_grid, orc_0_dummy, special_room [special_room_bee],
          uniq_erolcha, uniq_harold
D:12:     layout_grid_maze, uniq_nessos
D:13:     layout_layer_cave, grunt_vaults_entry_fortified, serial_shops, shop
D:14:     minmay_ornate_pinched, layout_basic, fedhas_altar_fruit_tree
D:15:     grunt_enter_depths_snipers, layout_cave_pools,
          hangedman_abyss_or_decor_stagger
Temple:   nicolae_temple_no_exploring_needed
Lair:1:   layout_chaotic_city, beast_lair_carwin_9
Lair:2:   layout_chaotic_city, swamp_mist, spider_nest_entry_web_field,
          lightli_volcano_entry_magma_tube, wad_woods_antlair,
          infiniplex_staircase_pool
Lair:3:   layout_gridlike, grunt_megastairs_1, serial_bayou_shore_b
Lair:4:   layout_loops_ring
Lair:5:   layout_regular_city, basic_altar, serial_rivers,
          chequers_serial_rivers_room_a, chequers_serial_rivers_micro_d,
          chequers_serial_rivers_micro_a, chequers_serial_rivers_micro_e,
          chequers_serial_rivers_micro_b, chequers_serial_rivers_micro_e,
          minmay_lair_oklob_chamber
Lair:6:   guppyfry_lair_end_dragon, layout_big_grid,
          hangedman_lair_caniforms_friends, slime_altar_1,
          gammafunk_ghost_arena, uniq_urug
Swamp:1:  layout_basic_swamp, evilmike_swamp_ruin_house_3
Swamp:2:  layout_falls_marsh, infiniplex_staircase_pool_2, swamp_pool4
Swamp:3:  layout_basic_swamp, evilmike_swamp_ruin_house_2
Swamp:4:  swamp_basic_johnstein, layout_basic_swamp,
          portal_ice_cave_entry_ugly_swarm
Spider:1: layout_spider_delve, drop_trap
Spider:2: layout_spider_delve, drop_trap
Spider:3: layout_spider_delve, nicolae_spider_cling_halls, uniq_azrael
Spider:4: guppyfry_spider_rune
Slime:1:  layout_caves, basic_altar, cheibrodos_slime_lost_civilization_4
Slime:2:  layout_caves
Slime:3:  nicolae_slime_pool, layout_caves, uniq_dissolution
Slime:4:  layout_caves
Slime:5
Orc:1:    cheibrodos_orc_bank, layout_diamond_mine, serial_shops,
          nicolae_shop_trees, ebering_ghost_disaster_area, uniq_jorgrun
Orc:2:    st_orc_open, layout_caves
Elf:1:    eino_elf_arrival_altar, layout_loops_cross, serial_shops, shop,
          uniq_asterion
Elf:2:    layout_geoelf_octagon, minmay_shop_star
Elf:3:    minmay_elf_hall_four_x, layout_gridlike, ebering_ghost_gozag,
          uniq_nikola
Vaults:1: v_pattern_5, nicolae_vaults_display_case,
          nicolae_vaults_hallways_thing, vaults_mumra_hex,
          nicolae_vaults_little_squares_2, v_misc_8,
          vaults_room_grunt_arrival_ludios, nicolae_vaults_alarming,
          serial_ice_m, nicolae_vaults_yaktaur_gun_rack, layout_vaults_maze
Vaults:2: v_misc_12, nicolae_vaults_network_square, nicolae_vaults_asterisk,
          hangedman_vaults_stagger, ontoclasm_vaults_bender,
          hangedman_vaults_unwind, v_misc_11, minmay_crypt_entry_nasty_monster,
          nicolae_vaults_three_branches, nicolae_vaults_gold_heap,
          vaults_room_hangedman_quadrants, ontoclasm_vaults_twist,
          layout_vaults_big_cross, serial_shops, shop, uniq_frederick,
          uniq_margery
Vaults:3: ontoclasm_vaults_loading_screen, vaults_room_octagon,
          ontoclasm_vaults_claustrophobia, nicolae_vaults_ring_of_whatevers,
          nicolae_vaults_network_star, hangedman_vaults_maws,
          ontoclasm_vaults_decontamination, ontoclasm_vaults_gateway, st_star,
          vaults_mumra_hexcomb, vaults_dpeg_encased_lava,
          layout_vaults_chaotic_city
Vaults:4: vaults_room_fancy_cross, v_misc_18, v_alt_pattern_6, v_misc_9,
          hangedman_vaults_nails, vaults_dpeg_hooks, layout_vaults_quadrants
Vaults:5: serial_shops
Crypt:1:  layout_gridlike
Crypt:2:  layout_chaotic_city, ebering_ghost_disaster_area, st_stairs_10,
          roderic_lattice_octagonal_star
Crypt:3:  lightli_unholy_cathedral, layout_chaotic_city,
          tomb_entry_forgotten_bobbens, grunt_megastairs_3
Tomb:1
Tomb:2:   uniq_mennas
Tomb:3
Depths:1: minmay_triangles_in_corner, layout_cave_pools, kennysheep_path_1,
          hell_entry, grunt_decor_resistance, minmay_crystal_water,
          grunt_ministairs_14, grunt_tower_of_power
Depths:2: evilmike_marble_ring, layout_cave_pools, enter_ziggurat_b,
          grunt_hell_horde, nicolae_abyss_entry_one_way_or_another,
          infiniplex_staircase_trident, serial_bayou_shore_a
Depths:3: minmay_the_grid_octo_tiled_octocenter [minmay_the_grid_octo_empty,
          minmay_the_grid_octo_fat_diamond, minmay_the_grid_octo_odd_swirl,
          minmay_the_grid_octo_checkerflower, minmay_the_grid_octo_prize_big_c,
          minmay_the_grid_square_5x5_bite, minmay_the_grid_square_5x5_two_small,
          minmay_the_grid_square_5x5_almost_minimal,
          minmay_the_grid_square_5x5_one_wall], layout_cave_pools, abyss_entry,
          rand_demon_pan_entry_5, grunt_hell_entry_dis_old, uniq_saint_roka
Depths:4: hangedman_spin_cycle, abyss_entry, hell_entry
Depths:5: evilmike_zot_entry_gauntlet, layout_basic, hell_entry,
          chequers_serial_rivers_large_a, uniq_sojobo, uniq_boris
Hell
Dis:1:    layout_subdivisions
Dis:2:    layout_subdivisions
Dis:3:    layout_subdivisions
Dis:4:    lemuel_dis_dragons, layout_subdivisions, grunt_dis_stairs_iron_hall
Dis:5:    layout_jigsaw
Dis:6:    layout_chaotic_city
Dis:7:    iron_city_of_dis [dis_grunt, dis_wall_2], layout_chaotic_city
Geh:1:    layout_gehenna_lava_caves, not_door_vault_mu
Geh:2:    layout_gehenna_lava_caves
Geh:3:    grunt_deathspiral_small, layout_gehenna_pools_box
Geh:5:    layout_gehenna_lava_caves
Geh:6:    layout_gehenna_pools_basic, not_door_vault_due, grunt_megastairs_4
Geh:7:    evilmike_geh
Coc:1:    layout_cocytus_water_paths
Coc:2:    layout_cocytus_water_paths
Coc:3:    layout_cocytus_water_paths
Coc:4:    layout_ice_bergs
Coc:5:    layout_cocytus_water_paths
Coc:6:    layout_ice_bergs
Coc:7:    coc_dpeg
Tar:1:    layout_grid_maze, door_vault
Tar:2:    layout_honeycomb
Tar:3:    layout_grid_maze
Tar:6:    layout_grid_maze, evilmike_ambush [evilmike_ambush_outer_basic,
          evilmike_ambush_inner_basic]
Tar:7:    tar_grunt_cathedral
Zot:1:    layout_cathedral_of_symmetry, st_stairs_9
Zot:2:    layout_concentric_octagons
Zot:3:    layout_basic
Zot:4:    layout_cellular_growth
Zot:5:    layout_basic, gammafunk_ghost_cemetery

Skill      XL: |  1  2  3  4  5  6  7  8  9 10 11 12 13 14 15 16 17 18 19 20 21 22 23 24 25 26 27 |
---------------+----------------------------------------------------------------------------------+-----
Spellcasting   | 3 4 5 6 7 8 10 11 12 21 | 21.8
Ice Magic      | 5 6 7 9 23 | 23.0
Summonings     | 1 2 3 5 8 9 14 15 | 15.4
Fighting       | 1 3 6 7 8 9 10 12 13 14 15 17 | 17.2
Dodging        | 2 3 5 6 7 10 11 12 13 16 | 16.1
Invocations    | 3 8 11 | 11.0
Evocations     | 1 4 5 7 10 | 10.2
Transmutations | 4 6 8 10 | 10.0
Armour         | 3 5 |  5.0
Axes           | 2 8 12 14 16 | 16.9
Translocations | 4 6 7 9 12 | 12.0
Throwing       | 5 15 | 15.0
Charms         | 3 4 |  4.0
Hexes          | 3 4 8 |  8.0
Necromancy     | 4 6 8 10 | 10.0
Shields        | 4 8 11 12 13 14 | 14.5
Earth Magic    | 5 8 |  8.0
Stealth        | 12 | 12.0
Conjurations   | 2 |  2.0
Maces & Flails | 3 |  3.6
Air Magic      | 8 |  8.0

Action                   |  1- 3 |  4- 6 |  7- 9 | 10-12 | 13-15 | 16-18 | 19-21 | 22-24 | 25-27 || total
-------------------------+-------+-------+-------+-------+-------+-------+-------+-------+-------++-------
Melee: Club              |     6 |       |       |       |       |       |       |       |       ||     6
       Bite              |     4 |    47 |    36 |    79 |   250 |   440 |   486 |   706 |  1161 ||  3209
       Whip              |     8 |    15 |       |       |       |       |       |       |       ||    23
       Trident           |       |   147 |    27 |       |       |       |       |       |       ||   174
       Kick              |       |       |    32 |    86 |    30 |       |       |       |   546 ||   694
       Dagger            |       |       |    46 |   129 |    31 |       |       |       |       ||   206
       War axe           |       |       |       |       |   388 |   289 |       |       |       ||   677
       Broad axe         |       |       |       |       |       |   382 |   766 |  1058 |   516 ||  2722
       Sacred scourge    |       |       |       |       |       |       |       |       |  1534 ||  1534
Throw: Dart              |       |     1 |       |       |       |       |       |       |       ||     1
       Throwing net      |       |       |       |     1 |       |     3 |       |       |       ||     4
       Javelin           |       |       |       |       |     1 |    20 |    23 |    22 |    70 ||   136
       Boomerang         |       |       |       |       |       |     3 |     1 |     2 |       ||     6
 Cast: Freeze            |    25 |    10 |    17 |       |       |       |       |       |       ||    52
       Frozen Ramparts   |     1 |     9 |    21 |    27 |    73 |    19 |    19 |     6 |       ||   175
       Summon Ice Beast  |       |       |     4 |    32 |    58 |   150 |    35 |       |       ||   279
       Sticks to Snakes  |       |       |       |     4 |       |     5 |     4 |       |    14 ||    27
       Apportation       |       |       |       |       |    21 |   143 |    83 |    95 |   123 ||   465
       Spectral Weapon   |       |       |       |       |       |     3 |     6 |     4 |     1 ||    14
       Animate Dead      |       |       |       |       |       |       |     6 |     1 |     7 ||    14
       Summon Forest     |       |       |       |       |       |       |    10 |    13 |    92 ||   115
       Borgnjor's Vile C |       |       |       |       |       |       |     8 |    59 |   109 ||   176
       Lesser Beckoning  |       |       |       |       |       |       |       |    29 |    55 ||    84
       Aura of Abjuratio |       |       |       |       |       |       |       |     4 |    26 ||    30
       Blink             |       |       |       |       |       |       |       |     3 |    45 ||    48
       Malign Gateway    |       |       |       |       |       |       |       |       |    66 ||    66
       Irradiate         |       |       |       |       |       |       |       |       |    74 ||    74
       Statue Form       |       |       |       |       |       |       |       |       |    86 ||    86
       Passwall          |       |       |       |       |       |       |       |       |    79 ||    79
       Absolute Zero     |       |       |       |       |       |       |       |       |    30 ||    30
       Silence           |       |       |       |       |       |       |       |       |     4 ||     4
Invok: Slouch            |       |       |       |     3 |     4 |     9 |     6 |     1 |     7 ||    30
       Temporal Distorti |       |       |       |       |       |     5 |     8 |     3 |     4 ||    20
       Step From Time    |       |       |       |       |       |     3 |     1 |     1 |     8 ||    13
 Abil: End Transformatio |       |       |       |       |       |       |       |       |     4 ||     4
Evoke: Wand              |       |       |     1 |     9 |    16 |     3 |    14 |     3 |    21 ||    67
       Tin of tremorston |       |       |       |       |       |     1 |     9 |       |     7 ||    17
       Box of beasts     |       |       |       |       |       |       |       |       |     5 ||     5
       Phantom mirror    |       |       |       |       |       |       |       |       |     2 ||     2
  Use: Scroll            |       |     6 |     3 |     7 |    17 |    19 |    12 |    26 |    68 ||   158
       Potion            |       |     1 |     1 |     2 |     4 |     3 |     2 |     3 |    29 ||    45
 Stab: Sleeping          |     1 |     5 |     2 |     1 |       |       |     1 |     8 |    11 ||    29
       Distracted        |       |       |       |     3 |     4 |    18 |     4 |    13 |    40 ||    82
       Held in net/web   |       |       |       |       |       |     1 |       |       |       ||     1
       Paralysed         |       |       |       |       |       |       |       |       |     7 ||     7
       Confused          |       |       |       |       |       |       |       |       |     3 ||     3
       Invisible         |       |       |       |       |       |       |       |       |     1 ||     1
  Eat: Ration            |       |     1 |       |     2 |     3 |     4 |     3 |     3 |    15 ||    31
       Chunk             |       |       |       |       |       |       |       |     1 |       ||     1
Armor: Robe              |     9 |    21 |    15 |       |       |       |       |       |       ||    45
       Troll leather arm |       |       |       |    20 |     3 |       |       |       |       ||    23
       Chain mail        |       |       |       |       |   431 |   390 |   184 |   189 |       ||  1194
       Pearl dragon scal |       |       |       |       |       |       |       |    86 |   513 ||   599
       Skin              |       |       |       |       |       |       |       |       |   682 ||   682
       Shadow dragon sca |       |       |       |       |       |       |       |       |    77 ||    77
Dodge: Dodged            |    34 |   100 |    83 |   228 |  1083 |  1048 |   410 |   637 |  3516 ||  7139
Block: Buckler           |       |       |       |       |       |       |    53 |       |       ||    53
       Reflection        |       |       |       |       |       |       |    34 |   101 |    66 ||   201
       Kite shield       |       |       |       |       |       |       |   417 |  1237 |  5286 ||  6940

Table legend:
 A = Non-vault XP
 B = Vault XP
 C = Vault XP percentage of total XP
 D = Non-vault monster count
 E = Vault monster count
 F = Vault count percentage of total count
                 A         B        C        D         E       F
            +---------+---------+-------+---------+---------+-------
      Total | 1086386 | 1304931 |  54.6 |    2013 |    1220 |  37.7
            +---------+---------+-------+---------+---------+-------
        D:1 |       9 |       0 |   0.0 |       6 |       0 |   0.0
        D:2 |      94 |       0 |   0.0 |      25 |       0 |   0.0
        D:3 |       3 |       0 |   0.0 |       2 |       0 |   0.0
        D:4 |      57 |       0 |   0.0 |       4 |       0 |   0.0
        D:5 |     326 |     212 |  39.4 |      15 |       8 |  34.8
        D:6 |    1147 |       0 |   0.0 |      18 |       0 |   0.0
        D:7 |    1705 |       0 |   0.0 |      13 |       0 |   0.0
        D:8 |     968 |    2171 |  69.2 |      15 |       8 |  34.8
        D:9 |    1114 |    1082 |  49.3 |      19 |       3 |  13.6
       D:10 |    1741 |       0 |   0.0 |      16 |       0 |   0.0
       D:11 |    2819 |    3416 |  54.8 |      15 |      28 |  65.1
       D:12 |    2506 |    1353 |  35.1 |      15 |       1 |   6.2
       D:13 |    2661 |    6703 |  71.6 |       9 |      10 |  52.6
       D:14 |    5462 |       0 |   0.0 |      17 |       0 |   0.0
       D:15 |    3925 |    2336 |  37.3 |      11 |       3 |  21.4
     Lair:1 |    4581 |     293 |   6.0 |       8 |       3 |  27.3
     Lair:2 |    1905 |       0 |   0.0 |       9 |       0 |   0.0
     Lair:3 |     198 |       0 |   0.0 |       2 |       0 |   0.0
     Lair:4 |    2764 |       0 |   0.0 |      11 |       0 |   0.0
     Lair:5 |    4975 |       0 |   0.0 |       9 |       0 |   0.0
     Lair:6 |    3970 |    3292 |  45.3 |      17 |       7 |  29.2
    Swamp:1 |    3592 |       0 |   0.0 |      17 |       0 |   0.0
    Swamp:2 |    5684 |       0 |   0.0 |      15 |       0 |   0.0
    Swamp:3 |    5735 |       0 |   0.0 |      20 |       0 |   0.0
    Swamp:4 |   14513 |   20568 |  58.6 |      42 |      42 |  50.0
   Spider:1 |    5320 |       0 |   0.0 |      13 |       0 |   0.0
   Spider:2 |    9898 |       0 |   0.0 |      29 |       0 |   0.0
   Spider:3 |    9224 |    2555 |  21.7 |      21 |       8 |  27.6
   Spider:4 |   15239 |   23233 |  60.4 |      41 |      39 |  48.8
    Slime:1 |   11001 |       0 |   0.0 |      26 |       0 |   0.0
    Slime:2 |   14675 |       0 |   0.0 |      21 |       0 |   0.0
    Slime:3 |    3121 |       0 |   0.0 |       5 |       0 |   0.0
    Slime:4 |    8017 |       0 |   0.0 |      17 |       0 |   0.0
    Slime:5 |    8685 |   31129 |  78.2 |      14 |      15 |  51.7
      Orc:1 |    3959 |    4969 |  55.7 |      33 |      19 |  36.5
      Orc:2 |    2178 |   13154 |  85.8 |      24 |      36 |  60.0
      Elf:1 |    8181 |    4764 |  36.8 |      14 |       6 |  30.0
      Elf:2 |   14742 |       0 |   0.0 |      24 |       0 |   0.0
      Elf:3 |   24462 |   67692 |  73.5 |      48 |      49 |  50.5
   Vaults:1 |    1527 |     325 |  17.5 |       4 |       1 |  20.0
   Vaults:2 |    6786 |   26264 |  79.5 |      19 |      22 |  53.7
   Vaults:3 |    8541 |    2894 |  25.3 |      13 |       5 |  27.8
   Vaults:4 |   25475 |   13355 |  34.4 |      42 |      22 |  34.4
   Vaults:5 |   34612 |  115677 |  77.0 |      58 |      80 |  58.0
    Crypt:2 |   14516 |       0 |   0.0 |      25 |       0 |   0.0
    Crypt:3 |   20264 |   21349 |  51.3 |      35 |      27 |  43.5
     Tomb:1 |    1793 |   36941 |  95.4 |       7 |      26 |  78.8
     Tomb:2 |   10016 |   56693 |  85.0 |      36 |      69 |  65.7
     Tomb:3 |    7844 |   74413 |  90.5 |      14 |      50 |  78.1
   Depths:1 |    8252 |    2190 |  21.0 |      11 |       2 |  15.4
   Depths:2 |   24719 |   28518 |  53.6 |      36 |      35 |  49.3
   Depths:3 |   36335 |   32902 |  47.5 |      46 |      42 |  47.7
   Depths:4 |       0 |   82269 | 100.0 |       0 |      77 | 100.0
   Depths:5 |   27115 |   25151 |  48.1 |      35 |      14 |  28.6
       Hell |   18650 |   19224 |  50.8 |      32 |      40 |  55.6
      Dis:1 |   15737 |       0 |   0.0 |      23 |       0 |   0.0
      Dis:2 |    9655 |       0 |   0.0 |      28 |       0 |   0.0
      Dis:3 |    2533 |       0 |   0.0 |       8 |       0 |   0.0
      Dis:4 |   11096 |    8965 |  44.7 |      15 |      14 |  48.3
      Dis:5 |     680 |       0 |   0.0 |       2 |       0 |   0.0
      Dis:6 |    2975 |       0 |   0.0 |       7 |       0 |   0.0
      Dis:7 |   22372 |   65433 |  74.5 |      33 |      60 |  64.5
      Geh:1 |   15318 |       0 |   0.0 |      41 |       0 |   0.0
      Geh:3 |   11224 |       0 |   0.0 |      26 |       0 |   0.0
      Geh:5 |    9352 |       0 |   0.0 |      20 |       0 |   0.0
      Geh:6 |   37318 |     414 |   1.1 |      84 |       2 |   2.3
      Geh:7 |    9711 |   41504 |  81.0 |      17 |      26 |  60.5
      Coc:3 |   12179 |       0 |   0.0 |      43 |       0 |   0.0
      Coc:4 |   13397 |       0 |   0.0 |      13 |       0 |   0.0
      Coc:5 |    1306 |       0 |   0.0 |      12 |       0 |   0.0
      Coc:6 |     372 |       0 |   0.0 |       1 |       0 |   0.0
      Coc:7 |   35145 |   65876 |  65.2 |      39 |      28 |  41.8
      Tar:1 |   28353 |       0 |   0.0 |      40 |       0 |   0.0
      Tar:2 |   13342 |       0 |   0.0 |      19 |       0 |   0.0
      Tar:6 |    3540 |       0 |   0.0 |      10 |       0 |   0.0
      Tar:7 |   54558 |   57233 |  51.2 |      76 |      40 |  34.5
      Zot:1 |   13718 |       0 |   0.0 |       8 |       0 |   0.0
      Zot:2 |   16985 |       0 |   0.0 |       8 |       0 |   0.0
      Zot:3 |     670 |       0 |   0.0 |       1 |       0 |   0.0
      Zot:5 |   29598 |   95496 |  76.3 |      15 |      27 |  64.3
    Abyss:1 |    3562 |       0 |   0.0 |       3 |       0 |   0.0
    Abyss:2 |     289 |    1668 |  85.2 |       1 |       4 |  80.0
    Abyss:3 |    5728 |   10979 |  65.7 |      21 |      13 |  38.2
        Pan |  183708 |  225564 |  55.1 |     213 |     155 |  42.1
      Zig:1 |     443 |       0 |   0.0 |       3 |       0 |   0.0
      Zig:2 |    2697 |       0 |   0.0 |       2 |       0 |   0.0
      Zig:3 |    3866 |       0 |   0.0 |       3 |       0 |   0.0
      Zig:4 |    5309 |       0 |   0.0 |       4 |       0 |   0.0
      Zig:5 |    9141 |       0 |   0.0 |       9 |       0 |   0.0
      Zig:6 |    9627 |       0 |   0.0 |       7 |       0 |   0.0
      Zig:7 |    5980 |    1483 |  19.9 |      14 |       4 |  22.2
      Zig:8 |    7456 |       0 |   0.0 |      14 |       0 |   0.0
      Zig:9 |    8258 |       0 |   0.0 |      19 |       0 |   0.0
     Zig:10 |   11587 |       0 |   0.0 |      18 |       0 |   0.0
    Ossuary |       0 |     120 | 100.0 |       0 |      38 | 100.0
      IceCv |       0 |    3109 | 100.0 |       0 |      12 | 100.0
            +---------+---------+-------+---------+---------+-------
